Cogmind - Beta 12 @@@ ROGUE MODE // 2023.03.09 @ 17:49:21 // Winter2019/RPGLIKE Player: honey223 Result: Establishing Free Derelict Territories! Performance ------------- Evolutions (9) 4500 Regions Visited (36) 7200 Robots Destroyed (696) 3480 Value Destroyed (35394) 35394 Prototype IDs (168) 3360 Alien Tech Used (8) 1600 Bonus (40695) 40695 TOTAL SCORE: 96229 Bonus ------- Triggered Max Security 1000 High Alert Combat Kills 3910 Follower Combat Kills 1949 Network Hubs Disabled 800 Met Data Miner 300 Met Warlord at Base 500 MAIN.C Attacked Warlord 500 Warlord Defense Kills 1246 A7 Reached Mainframe 300 Met R17 at Cetus 500 Met R17 at Research 2000 Met Warlord at Research 2000 Destroyed MAIN.C Guards 500 Met MAIN.C 5000 Hacked MAIN.C 300 Destroyed MAIN.C Shell 5000 Destroyed MAIN.C 10000 Met Warlord at Command 2000 Win 3000 Friendly Fire -110 Cogmind --------- Core Integrity 1353/1600 Matter 290/300 Energy 590/700 System Corruption 0% Temperature Cool (0) Movement Flying (11) Location Free Derelict Territories Parts ------- > --- POWER (2) -------- Vortex Chain Reactor > --- PROPULSION (7) --- Field Propulsion Array Improved Diametric Drive Cooled Q-thruster Experimental Q-thruster Experimental Q-thruster Experimental Q-thruster > --- UTILITY (14) ----- Advanced Quantum Shading Machine Advanced Signal Interpreter Weapon Mount Femtoactuators Experimental Reaction Control System Experimental Phase Shifter Graphene Brace Advanced Focal Shield Beam Splitter Experimental EM Disruption Field Experimental Shield Generator Antimissile System Experimental Hacking Suite > --- WEAPON (3) ------- Advanced Remote Datajack Shock Maul Plasma Lance > --- INVENTORY (7) ---- Antimissile System Core Regenerator EMDS CR-A16's Behemoth Slayer Peak State ------------ > --- POWER ------------ Vortex Chain Reactor > --- PROPULSION ------- Field Propulsion Array Improved Diametric Drive Cooled Q-thruster Experimental Q-thruster Experimental Q-thruster Experimental Q-thruster > --- UTILITY ---------- Advanced Quantum Shading Machine Advanced Signal Interpreter Weapon Mount Femtoactuators Experimental Reaction Control System Experimental Phase Shifter Beam Splitter Experimental EM Disruption Field Experimental Shield Generator Experimental Hacking Suite Experimental Hacking Suite Experimental Hacking Suite Ghost Barrier Core Physics Calibrator > --- WEAPON ----------- EMDS Plasma Lance > --- INVENTORY -------- Protomatter Graphene Brace Subatomic Replicator Spacefold Activator Shock Maul CR-A16's Behemoth Slayer [Rating: 241] Favorites ----------- Power Light Fission Core Engine Cooled Ion Engine Power Core Light Fission Core Reactor Vortex Chain Reactor Propulsion Diametric Drive Treads Light Treads Leg Aluminum Leg Hover Unit Gyrokinetic Inverter Flight Unit Diametric Drive Utility Experimental Hacking Suite Device Weapon Mount Storage Advanced Energy Well Processor Advanced Signal Interpreter Hackware Experimental Hacking Suite Artifact Core Physics Calibrator Weapon Shock Maul Energy Gun Medium Laser Energy Cannon EMDS Ballistic Gun Improved Assault Rifle Ballistic Cannon Light Cannon Launcher Rocket Launcher Special Weapon Plasma Cutter Impact Weapon Shock Maul Slashing Weapon Nanosword Piercing Weapon Plasma Lance Special Melee Weapon Datajack Build | -11 -10 -10 -9 -9 -9 -8 -8 -7 -7 -7 -7 -7 -7 -6 -6 -6 -6 -6 -5 -5 -5 -5 -5 -4 -4 -4 -4 -4 -4 -3 -3 -2 -2 -2 -1 -1 ------- Run | Jun Mat Min Mat Min Exi Min Mat Fac Was Fac Low Low Dat Pro Fac Low Low Zio Pro Fac Upp Upp War Pro Fac Ext Cet Arc Hub Res Qua Res Tes Sec Acc Com Slots Evolved 22 | 4 2 1 2 . . 2 2 1 . 1 . . 1 . 1 . . . . 1 . 1 . . 1 . . . . . 1 . . 1 . . Power 1 | . . . . . . 1 . . . . . . . . . . . . . . . . . . . . . . . . . . . . . . Propulsion 6 | 1 . . 1 . . 1 . . . 1 . . . . . . . . . . . 1 . . . . . . . . 1 . . . . . Utility 13 | 2 1 1 1 . . . 2 1 . . . . 1 . 1 . . . . 1 . . . . 1 . . . . . . . . 1 . . Weapon 2 | 1 1 . . . . . . . . . . . . . . . . . . . . . . . . . . . . . . . . . . . Parts Attached 354 | 6 15 2 27 1 . 3 14 9 8 28 1 . 1 . 18 . 1 7 . 36 . 1 9 7 26 3 5 4 19 15 6 17 13 30 16 6 Power 13 | 1 . . 1 . . 1 2 1 1 2 . . . . 3 . . . . . . . 1 . . . . . . . . . . . . . Engine 3 | 1 . . 1 . . . . . 1 . . . . . . . . . . . . . . . . . . . . . . . . . . . Core 9 | . . . . . . 1 2 1 . 2 . . . . 3 . . . . . . . . . . . . . . . . . . . . . Reactor 1 | . . . . . . . . . . . . . . . . . . . . . . . 1 . . . . . . . . . . . . . Propulsion 48 | 1 2 . 8 . . 2 2 4 1 4 . . . . 4 . . . . 6 . 1 2 . 2 . . . . . 3 5 1 . . . Treads 13 | . 2 . 8 . . 1 2 . . . . . . . . . . . . . . . . . . . . . . . . . . . . . Leg 1 | 1 . . . . . . . . . . . . . . . . . . . . . . . . . . . . . . . . . . . . Wheel . | . . . . . . . . . . . . . . . . . . . . . . . . . . . . . . . . . . . . . Hover 2 | . . . . . . . . 2 . . . . . . . . . . . . . . . . . . . . . . . . . . . . Flight 32 | . . . . . . 1 . 2 1 4 . . . . 4 . . . . 6 . 1 2 . 2 . . . . . 3 5 1 . . . Utility 165 | 2 4 1 2 . . . 6 3 1 17 1 . 1 . 9 . . 6 . 22 . . 5 1 19 2 1 1 14 10 1 10 6 14 3 3 Device 121 | 2 2 . 2 . . . . 1 . 12 1 . 1 . 6 . . 5 . 16 . . 4 1 13 2 1 . 14 9 . 7 5 11 3 3 Storage 8 | . 1 1 . . . . . . . . . . . . 1 . . 1 . 3 . . . . . . . . . . . 1 . . . . Processor 6 | . . . . . . . 2 . . . . . . . 1 . . . . . . . 1 . 1 . . . . . . 1 . . . . Hackware 29 | . 1 . . . . . 4 2 1 5 . . . . 1 . . . . 3 . . . . 5 . . 1 . 1 1 1 1 2 . . Protection . | . . . . . . . . . . . . . . . . . . . . . . . . . . . . . . . . . . . . . Artifact 1 | . . . . . . . . . . . . . . . . . . . . . . . . . . . . . . . . . . 1 . . Weapon 128 | 2 9 1 16 1 . . 4 1 5 5 . . . . 2 . 1 1 . 8 . . 1 6 5 1 4 3 5 5 2 2 6 16 13 3 Energy Gun 10 | 2 2 . 1 . . . . . 2 . . . . . . . . . . 1 . . . . . . 1 . . . . . 1 . . . Energy Cannon 10 | . . . 3 . . . . . . . . . . . . . . . . 1 . . . . . . . . . 1 2 . 2 . 1 . Ballistic Gun 21 | . . . 8 1 . . 3 . 3 3 . . . . . . . . . . . . . . . . 1 . . . . . . 2 . . Ballistic Cannon 5 | . 5 . . . . . . . . . . . . . . . . . . . . . . . . . . . . . . . . . . . Launcher 8 | . 1 1 4 . . . . . . . . . . . . . 1 . . . . . 1 . . . . . . . . . . . . . Special Weapon 6 | . . . . . . . 1 . . . . . . . 1 . . . . . . . . . . . . . . . . . . 1 1 2 Impact Weapon 23 | . . . . . . . . 1 . 2 . . . . 1 . . . . . . . . 2 . . . . . 2 . 1 2 7 5 . Slashing Weapon 10 | . . . . . . . . . . . . . . . . . . . . 4 . . . 1 . . 1 1 3 . . . . . . . Piercing Weapon 27 | . . . . . . . . . . . . . . . . . . 1 . 1 . . . 3 4 1 1 . 1 2 . 1 1 4 6 1 Special Melee Weapon 8 | . 1 . . . . . . . . . . . . . . . . . . 1 . . . . 1 . . 2 1 . . . . 2 . . Unidentified Prototypes 32 | . . . 2 . . . . . 1 . . . . . 2 . . 1 . 6 . . 5 . . . 2 . 2 2 1 3 3 2 . . Parts Lost 6 | . . . . . . . . . 2 1 . . . . . . . . . 2 . . . . . . 1 . . . . . . . . . Power 1 | . . . . . . . . . 1 . . . . . . . . . . . . . . . . . . . . . . . . . . . Propulsion . | . . . . . . . . . . . . . . . . . . . . . . . . . . . . . . . . . . . . . Utility 4 | . . . . . . . . . . 1 . . . . . . . . . 2 . . . . . . 1 . . . . . . . . . Weapon 1 | . . . . . . . . . 1 . . . . . . . . . . . . . . . . . . . . . . . . . . . Highest Loss Streak 2 | . . . . . . . . . 1 1 . . . . . . . . . 2 . . . . . . 1 . . . . . . . . . To Critical Strikes . | . . . . . . . . . . . . . . . . . . . . . . . . . . . . . . . . . . . . . Average Slot Usage (%) 96 | . 96 100 99 100 100 100 100 99 88 98 100 100 100 100 97 100 100 98 100 99 100 100 96 93 94 95 95 95 94 91 88 87 87 87 88 91 Engine 2 | . 10 9 7 7 7 6 5 2 6 10 . . . . . . . . . . . . . . . . . . . . . . . . . . Core 3 | . . . . . . 4 5 7 1 . 10 10 10 10 9 9 9 9 9 9 9 8 5 . . . . . . . . . . . . . Reactor 1 | . . . . . . . . . . . . . . . . . . . . . . . 1 4 4 4 4 4 4 4 4 4 4 3 3 3 Treads 5 | . 19 18 22 23 23 21 17 12 . . . . . . . . . . . . . . . . . . . . . . . . . . . . Flight 17 | . . . . . . 1 5 8 17 21 26 26 25 25 23 23 23 23 23 22 22 25 26 26 25 25 25 25 25 25 24 24 23 23 23 23 Device 22 | . 29 27 31 38 38 35 17 5 5 13 15 15 17 20 19 19 19 19 19 19 18 17 17 21 18 20 24 24 23 21 20 22 23 31 34 43 Storage 1 | . 2 8 4 . . . . . . . . . . . 2 . . . . . 4 4 2 . . . . . . . . . . . . . Processor 3 | . . . . . . . 3 5 5 5 5 5 5 5 4 4 4 4 4 4 4 4 4 4 6 8 8 8 8 8 8 8 8 4 3 3 Hackware 21 | . 6 9 7 7 7 6 22 37 38 29 26 26 25 25 24 28 28 28 28 28 27 26 26 26 27 25 20 20 21 23 24 21 20 15 14 5 Energy Gun 1 | . 16 . 1 . . . . . 1 6 . . . . . . . . . . . . . . . . . . . . . . . . . . Ballistic Gun 4 | . . . 14 23 23 21 16 12 5 4 10 10 10 10 4 4 3 . . . . . . . . . . . . . . . . . . . Impact Weapon 2 | . . . . . . . . 3 5 4 5 5 5 5 4 4 4 4 4 4 4 4 3 3 4 4 4 4 4 3 4 3 3 2 2 3 Slashing Weapon 1 | . . . . . . . . . . . . . . . . . . . . 3 4 4 3 2 4 4 3 . 2 . . . . . . . Piercing Weapon 1 | . . . . . . . . . . . . . . . . . . 2 4 3 4 4 4 3 3 4 5 4 4 . . . . . 1 5 Naked Turns . | . . . . . . . . . . . . . . . . . . . . . . . . . . . . . . . . . . . . . Heaviest Build 77 | 11 18 23 28 25 25 30 30 27 21 32 32 32 33 33 37 32 37 37 32 36 36 36 56 60 54 53 54 54 56 67 66 71 71 77 77 75 Greatest Support 80 | 15 45 45 68 68 68 70 72 71 27 35 35 35 35 35 35 35 35 35 35 55 39 43 63 63 67 67 67 67 67 67 76 80 77 77 77 77 Greatest Overweight (x) 2 | . . . . . . . . 1 . . . . . . 1 . 1 1 . . . . 1 . . 1 . . . . . . 2 . . . Average Overweight (x) . | . . . . . . . . . . . . . . . . . . . . . . . . . . . . . . . . . . . . . Largest Inventory Capacity 7 | . 1 1 3 3 3 3 3 3 3 3 3 3 3 3 4 4 4 4 4 5 5 5 5 5 5 5 5 6 6 6 6 6 6 6 7 7 Average Capacity 3 | . . 1 2 3 3 3 3 3 3 3 3 3 3 3 3 4 4 4 4 4 5 5 5 5 5 5 5 5 6 6 6 6 6 6 6 7 Most Carried 7 | . 1 1 3 3 3 3 3 3 3 3 3 3 3 2 4 4 4 4 4 5 5 5 5 5 5 5 5 6 6 6 6 6 6 6 7 7 Average Carried 3 | . . 1 2 3 3 3 2 2 2 2 3 3 2 2 2 3 3 3 3 4 5 5 4 4 4 5 4 5 5 5 5 6 5 5 6 5 Final Capacity 7 | . 1 1 3 3 3 3 3 3 3 3 3 3 3 3 4 4 4 4 4 5 5 5 5 5 5 5 5 6 6 6 6 6 6 6 7 7 Final Carried 7 | . 1 1 3 3 3 3 3 3 3 3 3 3 2 2 4 4 4 4 4 5 5 5 5 5 5 5 5 6 6 6 6 6 6 6 7 5 Class Distribution -------------------- 68% | Wizard-Sprinter 9% | Scavenger-Skirmisher 4% | Scavenger-Mutant 3% | Wizard-Skirmisher 3% | Skirmisher Dominant Class ---------------- Scavenger-Mutant | -10/Materials Scavenger-Skirmisher | -10/Mines Scavenger-Skirmisher | -9/Materials Skirmisher | -9/Mines Skirmisher | -9/Exiles Scavenger-Skirmisher | -8/Mines Wizard-Skirmisher | -8/Materials Wizard-Mutant | -7/Factory Wizard-Sprinter | -7/Waste Wizard-Sprinter | -7/Factory Wizard-Sprinter | -7/Lower Caves Wizard-Sprinter | -7/Lower Caves Wizard-Sprinter | -7/Data Miner Wizard-Sprinter | -6/Proximity Caves Wizard-Sprinter | -6/Factory Wizard-Sprinter | -6/Lower Caves Wizard-Sprinter | -6/Lower Caves Wizard-Sprinter | -6/Zion Wizard-Sprinter | -5/Proximity Caves Wizard-Sprinter | -5/Factory Wizard-Sprinter | -5/Upper Caves Wizard-Sprinter | -5/Upper Caves Wizard-Sprinter | -5/Warlord Wizard-Sprinter | -4/Proximity Caves Wizard-Sprinter | -4/Factory Wizard-Sprinter | -4/Extension Wizard-Sprinter | -4/Cetus Wizard-Sprinter | -4/Archives Wizard-Sprinter | -4/Hub_04(d) Wizard-Sprinter | -3/Research Wizard-Sprinter | -3/Quarantine Wizard-Sprinter | -2/Research Wizard-Sprinter | -2/Testing Wizard-Sprinter | -2/Section 7 Wizard-Sprinter | -1/Access Machinist-Sprinter | -1/Command Resources | -11 -10 -10 -9 -9 -9 -8 -8 -7 -7 -7 -7 -7 -7 -6 -6 -6 -6 -6 -5 -5 -5 -5 -5 -4 -4 -4 -4 -4 -4 -3 -3 -2 -2 -2 -1 -1 ----------- Run | Jun Mat Min Mat Min Exi Min Mat Fac Was Fac Low Low Dat Pro Fac Low Low Zio Pro Fac Upp Upp War Pro Fac Ext Cet Arc Hub Res Qua Res Tes Sec Acc Com Matter Collected 7922 | 260 735 100 1523 309 . 306 604 206 181 318 10 . . 10 220 6 9 63 12 370 10 10 115 245 285 30 50 40 195 344 96 270 150 490 230 120 Remotely . | . . . . . . . . . . . . . . . . . . . . . . . . . . . . . . . . . . . . . Salvage Created 30126 | 212 1030 2 2283 377 . 155 853 106 296 865 329 202 . 122 1624 434 . . 562 3562 776 387 179 932 2889 1113 170 108 1826 1360 239 1129 280 2081 1872 1771 Parts 1133 | 19 63 8 146 13 . 27 50 14 . 30 2 4 . 9 32 11 4 . 10 103 15 18 26 27 110 45 12 10 36 40 3 34 23 61 92 36 Haulers Intercepted 13 | . 2 . 5 . . . . . . 2 . . . . 1 . . . . 2 . . . . . . . . . . . . . 1 . . Recyclers Shooed 3 | 1 1 . . . . . . . . . . . . . . . . . . . . . . . 1 . . . . . . . . . . . Parts Field Recycled . | . . . . . . . . . . . . . . . . . . . . . . . . . . . . . . . . . . . . . Retrieved Matter . | . . . . . . . . . . . . . . . . . . . . . . . . . . . . . . . . . . . . . Parts Self-Destructed 78 | . . . . . . . . . . . . 10 . 16 . 3 4 . 1 . 3 16 . 25 . . . . . . . . . . . . Prevented 43 | . . . . . . . . . . . 2 . . 3 . 8 . . 9 . 12 4 . 5 . . . . . . . . . . . . Kills | -11 -10 -10 -9 -9 -9 -8 -8 -7 -7 -7 -7 -7 -7 -6 -6 -6 -6 -6 -5 -5 -5 -5 -5 -4 -4 -4 -4 -4 -4 -3 -3 -2 -2 -2 -1 -1 ------- Run | Jun Mat Min Mat Min Exi Min Mat Fac Was Fac Low Low Dat Pro Fac Low Low Zio Pro Fac Upp Upp War Pro Fac Ext Cet Arc Hub Res Qua Res Tes Sec Acc Com Combat Hostiles Destroyed 547 | . 22 4 55 12 . 9 15 7 2 12 4 6 . 7 29 11 3 . 14 64 21 19 14 21 44 17 6 1 29 18 2 17 5 27 21 9 Melee 185 | . . . . . . . . 1 . 2 1 1 . 4 11 4 2 . 7 33 10 14 4 7 26 6 6 . 16 3 1 6 5 2 8 5 Guns 90 | . 10 . 33 12 . 9 15 6 2 2 . . . . 1 . . . . . . . . . . . . . . . . . . . . . Cannons 31 | . 10 1 10 . . . . . . . . . . . . . . . . . . 1 1 . . . . . . 3 . 2 . 1 2 . AOE 32 | . . 3 12 . . . . . . . . . . . . . . . . 2 . . 6 9 . . . . . . . . . . . . Classes Destroyed 26 | 2 7 . 5 2 . . . 1 1 1 . . . . . . . . . 2 . . . 1 1 . . . . . . 2 1 . . . Worker 13 | . 6 . 4 1 . 1 . . . . . . . . . . . . . . . . . . . . . . . 1 . . . . . . Builder 7 | . 4 . . . . . . 1 . . . . . . . . . . . . . . . . . . . . . . 1 . 1 . . . Tunneler 10 | 8 . . 1 . . 1 . . . . . . . . . . . . . . . . . . . . . . . . . . . . . . Hauler 13 | . 2 . 5 . . . . . . 2 . . . . 1 . . . . 2 . . . . . . . . . . . . . 1 . . Recycler 13 | 1 2 . 4 1 . . . . . 1 . . . . . . . . . 3 . . . . . . . . . . . . . 1 . . Mechanic 2 | . . . 2 . . . . . . . . . . . . . . . . . . . . . . . . . . . . . . . . . Operator 12 | . 3 . . . . . . . . 2 . . . . . . . . . 2 . . . . 1 . . 3 . . 1 . . . . . Drone 2 | . . . . . . . . . . . . . . . . . . . . . . . . 2 . . . . . . . . . . . . Watcher 87 | . 3 . 4 . . . 4 . . 6 . . . . 8 . . . . 9 . . . . 12 2 . . 4 7 3 6 3 5 10 1 Swarmer 136 | . 3 3 11 2 . 6 3 . . 4 . 1 . 6 7 4 . . 4 17 11 14 7 8 2 . 4 . 10 1 . 8 . . . . Grunt 176 | . 19 1 31 4 . 3 5 5 . 4 3 4 . . 10 3 3 . 5 16 9 3 3 7 9 9 . . 4 8 . . . 8 . . Brawler 6 | . . . 1 . . . 1 . . . . . . . 1 1 . . . . . 1 1 . . . . . . . . . . . . . Duelist 5 | . . . 2 . . . . 1 . . . . . . . . . . . 1 . . 1 . . . . . . . . . . . . . Protector 5 | . . . 1 . . . . . . . . . . . . . . . . 1 . . 2 . . . . . 1 . . . . . . . Researcher 5 | . . . . . . . . . . . . . . . . . . . . . . . . . . . . . . . . . 2 3 . . Sentry 84 | . . . 9 . . . 6 . . 3 1 1 . . 5 . . . 1 10 1 1 . . 8 4 . 1 6 5 . 3 3 9 7 . Demolisher 2 | . . . . 2 . . . . . . . . . . . . . . . . . . . . . . . . . . . . . . . . Specialist 2 | . . . . . . . . . . . . . . . . . . . . . . . . . 2 . . . . . . . . . . . Hunter 48 | . . . . . . . . . . 1 . . . 1 3 2 . . 4 8 . . . 1 11 2 . . . 2 2 1 . 2 6 2 Programmer 30 | . . . . . . . . 1 . . . . . . 2 1 . . . 7 . . . 2 8 . . . . . . . 2 1 5 1 Heavy 7 | . . . . . . . . . . . . . . . . . . . . 3 . . . . 2 . . . 2 . . . . . . . Behemoth 17 | . . . . . . . . . . . . . . . . . . . . 1 . . . 1 2 2 . . 1 2 . 1 . 2 3 2 Compactor 2 | . . . . . . . . . 2 . . . . . . . . . . . . . . . . . . . . . . . . . . . Cetus Guard 2 | . . . . . . . . . . . . . . . . . . . . . . . . . . . 2 . . . . . . . . . S7 Guard 3 | . . . . . . . . . . . . . . . . . . . . . . . . . . . . . . . . . . 3 . . M Guard 1 | . . . . . . . . . . . . . . . . . . . . . . . . . . . . . . . . . . . . 1 Lightning 5 | . . . . . . . . . . . . . . . . . . . . . . . . . . . . . 5 . . . . . . . Combat Programmer 1 | . . . . . . . . . . . . . . . . . . . . . . . . . . . . . . . . . . . . 1 Striker 2 | . . . . . . . . . . . . . . . . . . . . . . . . . . . . . . . . 2 . . . . Executioner 4 | . . . . . . . . . . . . . . . . . . . . . . . . . . . . . . . . 2 . 2 . . Decomposer 2 | . . . . . . . . . . . . . . . . 2 . . . . . . . . . . . . . . . . . . . . Assembled 5 | . . . . 4 . . . . . . . . . . 1 . . . . . . . . . . . . . . . . . . . . . Best Kill Streak 14 | 6 6 3 9 6 . 3 3 2 1 5 2 3 . 4 7 4 3 . 5 8 7 9 14 10 5 6 4 3 6 10 4 7 5 7 8 5 Combat Bots Only 14 | . 6 3 8 6 . 3 3 2 1 4 2 3 . 4 7 4 3 . 5 8 7 9 14 10 4 6 4 1 6 5 2 6 5 6 8 4 Max Kills in Single Turn 6 | 1 1 2 4 2 . 2 2 1 1 1 1 1 . 1 1 1 1 . 1 3 2 1 6 5 1 2 1 1 1 1 1 2 1 1 1 1 Gunslinging 1 | . . . 1 1 . 1 1 . . . . . . . . . . . . . . . . . . . . . . . . . . . . . Exploded 6 | . . 2 3 . . . . . . . . . . . . . . . . 2 . . 6 5 . . . . . . . . . . . . Melee 2 | . . . . . . . . 1 . 1 1 1 . 1 1 1 1 . 1 2 2 1 1 1 1 1 1 . 1 1 1 1 1 1 1 1 Uniques/NPCs Destroyed 2 | . . . . . . . . . . . . . . . . . . . . . . . . . . . . . . . . . . . . 2 MAIN.C Shell (-1/Command) MAIN.C (-1/Command) Combat | -11 -10 -10 -9 -9 -9 -8 -8 -7 -7 -7 -7 -7 -7 -6 -6 -6 -6 -6 -5 -5 -5 -5 -5 -4 -4 -4 -4 -4 -4 -3 -3 -2 -2 -2 -1 -1 -------- Run | Jun Mat Min Mat Min Exi Min Mat Fac Was Fac Low Low Dat Pro Fac Low Low Zio Pro Fac Upp Upp War Pro Fac Ext Cet Arc Hub Res Qua Res Tes Sec Acc Com Damage Taken 18025 | . 942 72 1267 606 . 145 647 530 168 787 67 94 . 239 889 270 57 . 237 1442 239 337 230 274 2006 959 712 211 1099 500 84 537 134 306 588 1350 Core 14502 | . 755 58 1010 467 . 114 507 422 142 626 55 75 . 186 711 210 45 . 185 1188 185 266 189 214 1659 788 578 175 871 401 76 426 105 237 473 1103 Absorbed by Shields 3850 | . . . 227 147 . 55 247 81 . 163 24 36 . 91 329 100 20 . 90 321 90 29 130 102 406 353 252 78 396 . . 42 . 19 22 . Redirected to Core 11978 | . 573 48 850 453 . 87 452 369 83 523 38 63 . 165 559 196 45 . 185 891 174 249 144 201 1233 591 462 120 750 355 27 406 99 237 410 940 Regen/Repaired (Parts) 67 | . . . . . . . . . . . . . . . . . . . . 3 . . . . 64 . . . . . . . . . . . Core Remaining (%) 86 | 100 . 58 . . . 96 76 . . . . . . 98 . . . . 100 . . . . 100 . . . . 44 . 100 . . 99 . 84 Volleys Fired 586 | 19 154 10 163 34 . 33 48 29 10 8 . . . . 10 . . . . . . . 1 7 . . . . . 23 . 12 . 13 7 5 Largest 3 | 2 2 2 3 3 . 3 3 2 2 3 . . . . 1 . . . . . . . 1 1 . . . . . 1 . 1 . 1 1 1 Hottest 175 | 100 100 70 114 69 . 69 71 46 50 175 . . . . 25 . . . . . . . 55 55 . . . . . 70 . 70 . 70 70 10 Shots Fired 1219 | 38 272 18 375 102 . 99 144 58 15 19 . . . . 10 . 1 . . . . . 1 7 . . . . . 23 . 12 . 13 7 5 Gun 900 | 38 163 . 255 102 . 99 140 58 15 19 . . . . 10 . 1 . . . . . . . . . . . . . . . . . . . Cannon 261 | . 83 16 107 . . . . . . . . . . . . . . . . . . . . . . . . . . 23 . 12 . 13 7 . Launcher 49 | . 26 2 13 . . . . . . . . . . . . . . . . . . . 1 7 . . . . . . . . . . . . Special 9 | . . . . . . . 4 . . . . . . . . . . . . . . . . . . . . . . . . . . . . 5 Kinetic 848 | . 83 16 318 102 . 99 140 58 15 6 . . . . 10 . 1 . . . . . . . . . . . . . . . . . . . Thermal 243 | 38 163 . 25 . . . 4 . . 13 . . . . . . . . . . . . . . . . . . . . . . . . . . Explosive 49 | . 26 2 13 . . . . . . . . . . . . . . . . . . . 1 7 . . . . . . . . . . . . Electromagnetic 74 | . . . 19 . . . . . . . . . . . . . . . . . . . . . . . . . . 23 . 12 . 13 7 . Robot Hit Streak 23 | 10 16 3 23 17 . 12 15 11 4 11 . . . . 10 . . . . . . . . . . . . . . 13 . 11 . 14 7 12 Robot Miss Streak 5 | 2 5 2 5 2 . 3 3 2 2 1 . . . . 1 . . . . . . . . . . . . . . 1 . . . 1 . . Penetration Max 1 | . . . . . . . . . . . . . . . . . . . . . . . . . . . . . . 1 . . . . . . Secondary Targets 23 | . . . 9 4 . 4 3 3 . . . . . . . . . . . . . . . . . . . . . . . . . . . . Max Gunslinging Chain 1 | . . . 1 1 . 1 1 1 . . . . . . . . . . . . . . . . . . . . . . . . . . . . Shots Hit Robots 1839 | 19 154 4 213 55 . 32 105 46 11 47 9 11 . 10 86 21 5 . 27 173 33 28 15 25 178 58 34 20 105 44 9 35 28 84 57 58 Core Hits 571 | 10 62 4 100 26 . 16 36 16 3 15 . 1 . 2 8 3 1 . 1 49 9 9 16 21 42 11 11 2 23 15 1 9 9 9 13 18 Critical Kills 29 | . . . . . . . . . . 2 . . . . 1 2 . . 1 4 . . 1 1 5 2 . . 1 3 1 2 . . 3 . Critical Parts Destroyed 256 | . . . 1 . . . . . . 9 4 2 . . 32 5 1 . 12 40 13 7 2 4 27 8 1 2 21 8 4 11 1 26 12 3 Critical Strikes 368 | 4 13 . 4 . . . . . . 11 4 2 . . 35 7 1 . 14 48 14 7 4 6 39 14 3 5 32 15 5 17 5 32 20 7 Burn 16 | 4 11 . 1 . . . . . . . . . . . . . . . . . . . . . . . . . . . . . . . . . Destroy 1 | . . . 1 . . . . . . . . . . . . . . . . . . . . . . . . . . . . . . . . . Blast 4 | . 2 . 2 . . . . . . . . . . . . . . . . . . . . . . . . . . . . . . . . . Corrupt 9 | . . . . . . . . . . . . . . . . . . . . . . . . . . . . . . 4 . 4 . 1 . . Smash 300 | . . . . . . . . . . 11 4 2 . . 35 7 1 . 13 46 13 7 3 5 34 11 1 3 23 11 5 13 1 31 17 3 Sever 8 | . . . . . . . . . . . . . . . . . . . . 1 . . . . 2 2 1 1 1 . . . . . . . Impale 30 | . . . . . . . . . . . . . . . . . . . 1 1 1 . 1 1 3 1 1 1 8 . . . 4 . 3 4 Melee Attacks 1583 | . 10 . . . . . . 8 1 73 9 14 . 14 123 22 5 29 32 265 45 36 27 28 237 64 41 21 114 33 23 32 43 101 72 61 Impact 1023 | . . . . . . . . 8 1 73 9 14 . 14 123 22 5 8 26 133 31 24 7 13 127 38 14 8 55 31 23 30 19 95 53 19 Slashing 143 | . . . . . . . . . . . . . . . . . . . . 48 5 5 7 . 39 12 10 7 10 . . . . . . . Piercing 401 | . . . . . . . . . . . . . . . . . . 21 6 84 9 7 13 15 71 14 17 2 49 2 . 2 24 4 19 42 Sneak Attacks 108 | . 8 . . . . . . 1 . 3 1 . . . 4 2 . . . 12 . 2 1 4 22 11 . 7 5 1 1 1 6 13 2 1 Combat Hostiles 59 | . . . . . . . . . . . 1 . . . 3 . . . . 7 . 2 1 4 15 11 . 1 4 1 . 1 1 5 1 1 Follow-up Attacks 180 | . . . . . . . . . . . . . . . . . . . 2 41 9 7 1 . 53 17 12 3 21 . . . . . 4 10 Damage Inflicted 84354 | 252 2317 249 4603 861 . 547 1706 906 169 2371 564 558 . 652 4935 1652 389 . 1589 9713 1899 1725 1682 2644 9476 3731 1676 1160 5171 2760 783 2205 2457 5744 3729 3479 Guns 8379 | 252 1240 . 2547 857 . 479 1685 694 169 324 . . . . 132 . . . . . . . . . . . . . . . . . . . . . Cannons 3970 | . 923 67 1035 . . . . . . . . . . . . . . . . . . . . . . . . . . 993 . 325 . 442 185 . Explosions 3841 | . 105 177 1014 . . 11 . . . 205 . . . . . . . . . 412 . . 852 1019 . . . . . 46 . . . . . . Melee 68013 | . . . . . . . . 204 . 1842 564 558 . 652 4803 1652 389 . 1589 9301 1899 1725 830 1625 9476 3731 1676 1160 5171 1721 783 1880 2457 5302 3544 3479 Ramming 130 | . 49 5 7 4 . 57 . 8 . . . . . . . . . . . . . . . . . . . . . . . . . . . . Kinetic 8245 | . 923 67 3144 857 . 479 1685 694 169 95 . . . . 132 . . . . . . . . . . . . . . . . . . . . . Thermal 1983 | 252 1240 . 230 . . 11 21 . . 229 . . . . . . . . . . . . . . . . . . . . . . . . . . Explosive 3692 | . 78 177 1014 . . . . . . 94 . . . . . . . . . 412 . . 852 1019 . . . . . 46 . . . . . . Electromagnetic 2291 | . 27 . 208 . . . . . . 111 . . . . . . . . . . . . . . . . . . . 993 . 325 . 442 185 . Impact 48302 | . . . . . . . . 204 . 1842 564 558 . 652 4803 1652 389 . 1467 6532 1440 1141 467 1006 5705 2422 611 481 2549 1721 783 1814 705 5252 2510 1032 Slashing 5343 | . . . . . . . . . . . . . . . . . . . . 1162 295 189 . . 1468 792 438 580 419 . . . . . . . Piercing 14368 | . . . . . . . . . . . . . . . . . . . 122 1607 164 395 363 619 2303 517 627 99 2203 . . 66 1752 50 1034 2447 Highest Corruption 10 | . . . . . . . . . 10 10 . . . . . 1 1 1 . 1 . . . 1 . . . . . . . . . . . . Average Corruption 1 | . . . . . . . . . 5 4 . . . . . 1 1 1 . 1 . . . 1 . . . . . . . . . . . . Corruption Purged 16 | . . . . . . . . . . 14 . . . . . . . . . 2 . . . . . . . . . . . . . . . . Corruption Blocked 42 | . . . . . . . . . . . . . . . . . . . . . . . . . 1 . 1 . 8 . . . 12 20 . . Effects 24 | . . . . . . . . . 3 7 . . . . . 2 2 1 . 2 . . . 7 . . . . . . . . . . . . Message Errors 7 | . . . . . . . . . . 4 . . . . . . . . . . . . . 3 . . . . . . . . . . . . Matter Fused 6 | . . . . . . . . . 1 2 . . . . . 1 . . . 1 . . . 1 . . . . . . . . . . . . Heat Flow Errors 3 | . . . . . . . . . 1 . . . . . . . . 1 . . . . . 1 . . . . . . . . . . . . Energy Discharges 3 | . . . . . . . . . . . . . . . . . 1 . . 1 . . . 1 . . . . . . . . . . . . Data Loss (minor) 4 | . . . . . . . . . 1 1 . . . . . 1 . . . . . . . 1 . . . . . . . . . . . . Misfires 1 | . . . . . . . . . . . . . . . . . 1 . . . . . . . . . . . . . . . . . . . Overload Shots . | . . . . . . . . . . . . . . . . . . . . . . . . . . . . . . . . . . . . . Overflow Damage 24875 | . . 10 99 . . . . 57 . 699 356 202 . 202 2607 805 133 . 1017 3468 971 743 276 569 2617 938 164 362 1729 819 554 935 399 2463 1423 258 Projectiles 258 | . . . . . . . . . . . . . . . 36 . . . . . . . . . 21 . . . 99 . . 59 . 43 . . Explosions 145 | . . 10 99 . . . . . . . . . . . . . . . . . . . . 36 . . . . . . . . . . . . Melee 24472 | . . . . . . . . 57 . 699 356 202 . 202 2571 805 133 . 1017 3468 971 743 276 533 2596 938 164 362 1630 819 554 876 399 2420 1423 258 Knockbacks 218 | . 14 1 3 . . . . 1 . 5 1 5 . 1 18 7 2 . 5 33 7 3 7 8 16 10 3 . 4 10 3 11 4 20 10 6 Impact 180 | . . . . . . . . 1 . 5 1 5 . 1 16 7 2 . 5 29 7 2 5 7 14 8 3 . 3 9 3 9 4 19 10 5 Kinetic 14 | . 10 1 3 . . . . . . . . . . . . . . . . . . . . . . . . . . . . . . . . . Secondary 24 | . 4 . . . . . . . . . . . . . 2 . . . . 4 . 1 2 1 2 2 . . 1 1 . 2 . 1 . 1 Self-Inflicted Damage 268 | . 54 . 38 . . . . . . 154 . . . . . . . . . . . . . . . . . . . 22 . . . . . . Shots 7 | . 3 . 1 . . . . . . 2 . . . . . . . . . . . . . . . . . . . 1 . . . . . . Rammed 26 | . 11 2 2 2 . 7 . 2 . . . . . . . . . . . . . . . . . . . . . . . . . . . . Targets Rammed 35 | . 18 2 3 2 . 8 . 2 . . . . . . . . . . . . . . . . . . . . . . . . . . . . Kicked 2 | . 2 . . . . . . . . . . . . . . . . . . . . . . . . . . . . . . . . . . . Crushed 7 | . 5 . 1 . . 1 . . . . . . . . . . . . . . . . . . . . . . . . . . . . . . Highest Temperature 219 | . . . . . . . . 1 65 192 . . . . 9 . 10 219 . 2 . 54 105 204 . . . . . . . . 2 2 . . Average Temperature 33 | . . . . . . . . 1 44 83 . . . . 5 . 10 113 . 2 . 24 26 112 . . . . . . . . 2 2 . . Received Heat Transfer 3093 | . 453 36 464 54 . 48 265 279 . 72 32 48 . . 108 42 24 . 43 76 39 54 39 35 194 171 102 30 54 45 . 46 18 63 60 99 Siege Activations . | . . . . . . . . . . . . . . . . . . . . . . . . . . . . . . . . . . . . . Robots Corrupted 10 | . . . . . . . . . . . . . . . . . . . . . . . . . . . . . . 5 . 2 . 3 . . Combat Hostiles 9 | . . . . . . . . . . . . . . . . . . . . . . . . . . . . . . 5 . 2 . 2 . . Parts Fried 387 | . . . 2 . . . . 2 . 10 3 3 . 3 32 9 3 . 12 62 12 11 3 8 36 8 2 . 24 27 16 26 6 40 24 3 Impact Corruptions 629 | . . . . . . . . 3 . 24 11 9 . 9 74 22 4 . 26 100 25 15 5 8 64 23 5 3 44 23 14 23 11 47 29 8 Robots Melted 2 | . 2 . . . . . . . . . . . . . . . . . . . . . . . . . . . . . . . . . . . Combat Hostiles 2 | . 2 . . . . . . . . . . . . . . . . . . . . . . . . . . . . . . . . . . . Parts Melted 13 | 1 9 . . . . . 1 . . 1 . . . . . . . . . 1 . . . . . . . . . . . . . . . . Heat Transferred 6525 | 1036 4329 . 629 . . 50 74 . . 407 . . . . . . . . . . . . . . . . . . . . . . . . . . Parts Sabotaged . | . . . . . . . . . . . . . . . . . . . . . . . . . . . . . . . . . . . . . Parts Stolen . | . . . . . . . . . . . . . . . . . . . . . . . . . . . . . . . . . . . . . Parts Stripped . | . . . . . . . . . . . . . . . . . . . . . . . . . . . . . . . . . . . . . Power Chain Reactions . | . . . . . . . . . . . . . . . . . . . . . . . . . . . . . . . . . . . . . Missiles Intercepted 11 | . . . . . . . . . . . . . . . . . . . . . . . . . . . . . . . . . . . . 11 Alert | -11 -10 -10 -9 -9 -9 -8 -8 -7 -7 -7 -7 -7 -7 -6 -6 -6 -6 -6 -5 -5 -5 -5 -5 -4 -4 -4 -4 -4 -4 -3 -3 -2 -2 -2 -1 -1 ------- Run | Jun Mat Min Mat Min Exi Min Mat Fac Was Fac Low Low Dat Pro Fac Low Low Zio Pro Fac Upp Upp War Pro Fac Ext Cet Arc Hub Res Qua Res Tes Sec Acc Com Peak Influence 1908 | 45 860 473 1668 841 . 140 193 110 39 346 . . . . 495 . . . . 846 . . . . 651 692 568 479 331 362 228 1288 769 437 1908 1241 Initial 1220 | . 29 335 85 650 . . 50 . 9 . . . . . 98 . . . . 56 . . . . 525 60 24 227 55 69 117 . 711 8 3 1220 Average 337 | 24 538 333 1049 765 . 50 59 35 8 107 . . . . 144 . . . . 354 . . . . 259 165 385 334 132 164 82 860 217 178 429 864 Maximum Alert Level 5 | . 3 2 5 3 . . . . . 1 . . . . 2 . . . . 3 . . . . 2 2 2 2 1 1 1 4 3 2 5 4 Low Security (%) 46 | 100 5 5 2 . . 100 100 100 100 75 . . . . 71 . . . . 32 . . . . 37 63 24 17 75 75 92 15 44 61 53 . Level 1 20 | . 14 64 4 . . . . . . 24 . . . . 25 . . . . 22 . . . . 36 30 14 43 24 24 7 5 50 38 24 . Level 2 19 | . 59 29 25 18 . . . . . . . . . . 2 . . . . 36 . . . . 25 5 60 39 . . . 4 3 . 7 9 Level 3 7 | . 21 . 14 81 . . . . . . . . . . . . . . . 7 . . . . . . . . . . . 26 2 . . 88 Level 4 4 | . . . 41 . . . . . . . . . . . . . . . . . . . . . . . . . . . . 47 . . . 2 Level 5 . | . . . 11 . . . . . . . . . . . . . . . . . . . . . . . . . . . . . . . . . High Security . | . . . . . . . . . . . . . . . . . . . . . . . . . . . . . . . . . . . . . Max Security . | . . . . . . . . . . . . . . . . . . . . . . . . . . . . . . . . . . . 15 . Sterilizations 1 | . . . 1 . . . . . . . . . . . . . . . . . . . . . . . . . . . . . . . . . Squads Dispatched 132 | . 9 . 14 . . 1 1 7 . 19 . . . . 14 . . . . 12 . . . . 24 1 . . 6 3 2 3 4 3 7 2 Investigation 64 | . 6 . 9 . . . 1 3 . 14 . . . . 7 . . . . 6 . . . . 7 1 . . 3 3 . 3 . . . 1 Extermination 26 | . . . . . . . . 4 . 2 . . . . 3 . . . . 4 . . . . 4 . . . 1 . 2 . 3 2 1 . Reinforcement 26 | . 3 . 2 . . 1 . . . 3 . . . . 4 . . . . 1 . . . . 8 . . . 2 . . . 1 . . 1 Assault 15 | . . . 3 . . . . . . . . . . . . . . . . 1 . . . . 4 . . . . . . . . 1 6 . Garrison 1 | . . . . . . . . . . . . . . . . . . . . . . . . . 1 . . . . . . . . . . . Intercept . | . . . . . . . . . . . . . . . . . . . . . . . . . . . . . . . . . . . . . Searches Triggered . | . . . . . . . . . . . . . . . . . . . . . . . . . . . . . . . . . . . . . Data Miner Redirects 4 | . . . . . . . . . . . . . . . 2 . . . . 1 . . . . . . . . . . . . . . . 1 Construction Impeded 1 | . . . . . . 1 . . . . . . . . . . . . . . . . . . . . . . . . . . . . . . Haulers Reinforced 3 | . . . . . . . . . . . . . . . 3 . . . . . . . . . . . . . . . . . . . . . Active Scanning Responses . | . . . . . . . . . . . . . . . . . . . . . . . . . . . . . . . . . . . . . Cargo Convoy Interrupts 2 | . . . . . . . . . . 1 . . . . . . . . . 1 . . . . . . . . . . . . . . . . Stealth | -11 -10 -10 -9 -9 -9 -8 -8 -7 -7 -7 -7 -7 -7 -6 -6 -6 -6 -6 -5 -5 -5 -5 -5 -4 -4 -4 -4 -4 -4 -3 -3 -2 -2 -2 -1 -1 --------- Run | Jun Mat Min Mat Min Exi Min Mat Fac Was Fac Low Low Dat Pro Fac Low Low Zio Pro Fac Upp Upp War Pro Fac Ext Cet Arc Hub Res Qua Res Tes Sec Acc Com Distress Signals 52 | . 3 . 7 . . . 4 . . 1 . . . . 2 . . . . 1 . . . . 1 1 2 . 1 5 . 11 . 2 3 8 Communications Jammed 54 | . . . . . . . . . . . . . . . . . . . . 24 . . . . 19 . . . 11 . . . . . . . Distress Signals 7 | . . . . . . . . . . . . . . . . . . . . 7 . . . . . . . . . . . . . . . . Times Spotted 869 | . 52 5 68 16 . 10 26 10 6 35 4 7 . 13 44 12 3 . 18 86 23 19 20 11 67 25 18 6 49 29 10 72 11 29 47 18 Peak Tracking Total 16 | . 5 3 6 10 . 3 4 4 6 7 3 3 . 5 4 4 3 . 4 6 5 5 14 3 10 9 5 3 6 5 2 16 4 5 10 9 Tactical Retreats 80 | . 2 . 3 . . 1 . 1 . 5 . 1 . 1 5 1 1 . 3 12 3 1 1 . 6 1 . . 5 1 1 10 1 2 10 2 Traps | -11 -10 -10 -9 -9 -9 -8 -8 -7 -7 -7 -7 -7 -7 -6 -6 -6 -6 -6 -5 -5 -5 -5 -5 -4 -4 -4 -4 -4 -4 -3 -3 -2 -2 -2 -1 -1 ------- Run | Jun Mat Min Mat Min Exi Min Mat Fac Was Fac Low Low Dat Pro Fac Low Low Zio Pro Fac Upp Upp War Pro Fac Ext Cet Arc Hub Res Qua Res Tes Sec Acc Com Traps Triggered 13 | . . . 1 . . . . 1 . 4 . . . . 6 . . . . . . . . . . . . . . . . . . . 1 . Indirectly . | . . . . . . . . . . . . . . . . . . . . . . . . . . . . . . . . . . . . . Trap Hack Attempts 127 | . 80 . . . . . . . . . . . . . . . . . . 12 . . . . 14 . . . 4 . . . . 17 . . Triggered 1 | . 1 . . . . . . . . . . . . . . . . . . . . . . . . . . . . . . . . . . . Disarmed 9 | . . . . . . . . . . . . . . . 6 . . . . 1 . . . . . . . . . . 1 . . 1 . . Reprogrammed 47 | . 8 . . . . . . . . . . . . . 1 . . . . 4 . . . . 5 10 . . 1 . 4 . 6 8 . . Reused 12 | . . . . . . . . . . . . . . . . . . . . . . . . . . . . . 8 . 1 . . 3 . . Traps Extracted 9 | . . . . . . . . . . . . . . . . . . . . 4 . . . . 4 . . . 1 . . . . . . . Installed 11 | . . . . . . . . . . . . . . . . . . . . . . . . . . 2 . . 9 . . . . . . . Triggered 16 | . . . . . . . . . . . . . . . . . . . . 2 . . 1 . . . . . 8 . 1 . . 4 . . Most Traps Carried 8 | . . . . . . . . . . . . . . . . . . . . 4 . . 4 4 8 8 8 8 8 . . . . . . . Machines | -11 -10 -10 -9 -9 -9 -8 -8 -7 -7 -7 -7 -7 -7 -6 -6 -6 -6 -6 -5 -5 -5 -5 -5 -4 -4 -4 -4 -4 -4 -3 -3 -2 -2 -2 -1 -1 ---------- Run | Jun Mat Min Mat Min Exi Min Mat Fac Was Fac Low Low Dat Pro Fac Low Low Zio Pro Fac Upp Upp War Pro Fac Ext Cet Arc Hub Res Qua Res Tes Sec Acc Com Machines Disabled 175 | . 22 6 17 9 . 4 1 . . 37 . . . . 23 . . . . 29 . . . 2 1 . . 2 1 2 4 1 5 7 2 . Max in Single Turn 3 | . 2 2 2 3 . 1 1 . . 3 . . . . 1 . . . . 3 . . . 2 1 . . . 1 1 1 1 1 1 1 . Garrison Access 32 | . . . . . . . 1 1 . 3 . . . . 4 . . . . 3 . . . . 4 . . . 2 1 1 4 1 1 6 . Network Hub 4 | . . . . . . . . . . . . . . . . . . . . . . . . . . . . . 4 . . . . . . . Machines Repaired 11 | . 3 . 5 . . . . . . 2 . . . . . . . . . . . . . . . . . . 1 . . . . . . . Machines Sabotaged . | . . . . . . . . . . . . . . . . . . . . . . . . . . . . . . . . . . . . . Overloaded Fab Kills . | . . . . . . . . . . . . . . . . . . . . . . . . . . . . . . . . . . . . . Hacking | -11 -10 -10 -9 -9 -9 -8 -8 -7 -7 -7 -7 -7 -7 -6 -6 -6 -6 -6 -5 -5 -5 -5 -5 -4 -4 -4 -4 -4 -4 -3 -3 -2 -2 -2 -1 -1 --------- Run | Jun Mat Min Mat Min Exi Min Mat Fac Was Fac Low Low Dat Pro Fac Low Low Zio Pro Fac Upp Upp War Pro Fac Ext Cet Arc Hub Res Qua Res Tes Sec Acc Com Machines Accessed 284 | . 7 . 9 . 1 . 8 9 . 30 2 2 4 . 23 1 1 . 1 35 . 1 . 1 37 4 2 . 14 9 14 11 13 22 15 8 Terminals 182 | . 5 . 8 . . . 7 6 . 18 . . . . 13 . 1 . 1 19 . 1 . 1 18 4 2 . 12 7 11 5 9 18 8 8 Fabricators 30 | . . . . . . . . 2 . 6 . . . . 5 . . . . 6 . . . . 6 . . . . 1 . 3 1 . . . Repair Stations 4 | . . . . . . . . . . . . . . . . . . . . 2 . . . . 2 . . . . . . . . . . . Recycling Units 15 | . 2 . 1 . . . . . . 2 . . . . . . . . . 3 . . . . 6 . . . . . . . . . 1 . Scanalyzers 12 | . . . . . . . . . . 1 . . . . 1 . . . . 2 . . . . 1 . . . . . 2 . 2 3 . . Garrison Access 31 | . . . . . . . 1 1 . 3 . . . . 4 . . . . 3 . . . . 4 . . . 2 1 1 3 1 1 6 . Total Hacks 1293 | . 23 . 32 . 1 . 35 37 . 136 7 7 29 . 89 1 1 . 6 163 . 2 . 7 190 26 5 . 83 38 75 66 59 81 48 46 Successful 1049 | . 11 . 22 . 1 . 26 33 . 98 7 7 29 . 75 1 1 . 6 144 . 2 . 7 167 23 5 . 60 27 62 54 48 69 35 29 Failed 235 | . 12 . 9 . . . 8 4 . 37 . . . . 13 . . . . 18 . . . . 22 3 . . 23 11 12 11 11 11 13 17 Catastrophic 30 | . 1 . . . . . 1 . . 7 . . . . 1 . . . . 2 . . . . 3 . . . 4 3 . 1 . 1 1 5 Database Lockouts 9 | . . . 1 . . . 1 . . 1 . . . . 1 . . . . 1 . . . . 1 . . . . . 1 1 . 1 . . Manual 688 | . 17 . 22 . . . 26 21 . 75 . . . . 46 . . . . 75 . 1 2 . 115 12 . . 56 22 28 45 20 53 19 33 Terminals 1000 | . 20 . 31 . . . 34 27 . 104 . . . . 62 . 1 . 6 109 . 2 . 7 134 26 5 . 81 34 61 53 50 72 35 46 Fabricators 113 | . . . . . . . . 9 . 23 . . . . 17 . . . . 24 . . . . 24 . . . . 3 . 10 3 . . . Repair Stations 12 | . . . . . . . . . . . . . . . . . . . . 6 . . . . 6 . . . . . . . . . . . Recycling Units 38 | . 3 . 1 . . . . . . 3 . . . . . . . . . 9 . . . . 17 . . . . . . . . . 5 . Scanalyzers 48 | . . . . . . . . . . 3 . . . . 3 . . . . 12 . . . . 4 . . . . . 13 . 5 8 . . Garrison Access 37 | . . . . . . . 1 1 . 3 . . . . 7 . . . . 3 . . . . 5 . . . 2 1 1 3 1 1 8 . Terminal Hacks 647 | . 5 . 12 . 1 . 20 20 . 55 7 7 29 . 36 1 1 . 6 73 . 2 . 7 94 20 5 . 38 19 42 29 31 46 18 23 Record 57 | . . . . . 1 . . . . . 6 6 11 . . 1 1 . 6 1 . 2 . 7 1 . 4 . . . 4 . 2 2 1 1 Part Schematic 76 | . . . . . . . . 7 . 5 . . 10 . 5 . . . . 12 . . . . 8 1 . . 9 2 9 6 2 . . . Robot Schematic 17 | . . . . . . . . 1 . 2 . . 5 . . . . . . 2 . . . . 4 1 . . 1 . 1 . . . . . Robot Analysis 48 | . 2 . 3 . . . 2 . . 6 . . . . . . . . . 3 . . . . 1 3 . . 2 2 2 6 3 10 1 2 Prototype ID Bank 68 | . 2 . 6 . . . 6 1 . 4 . . 3 . 3 . . . . 5 . . . . 21 . . . 2 1 4 3 2 4 1 . Open Door 10 | . . . . . . . . . . . 1 1 . . . . . . . . . . . . 1 . 1 . . . . . . 5 . 1 Level Access Points 8 | . . . . . . . . . . . . . . . 1 . . . . 1 . . . . . . . . 1 1 . 1 1 1 . 1 Branch Access Points 10 | . . . . . . . . 1 . 1 . . . . 2 . . . . 2 . . . . 1 . . . . 1 . 1 . . 1 . Emergency Access Points 7 | . . . . . . . . . . . . . . . . . . . . 2 . . . . . . . . . . . 2 . . . 3 Machine Index 10 | . . . . . . . . 1 . 1 . . . . . . . . . 1 . . . . 1 . . . 1 . 1 1 1 1 1 . Terminal Index 6 | . . . . . . . 1 . . . . . . . . . . . . . . . . . 1 1 . . . . . . 1 . 1 1 Fabricator Index 2 | . . . . . . . . . . . . . . . . . . . . . . . . . . . . . . . . . 1 . 1 . Garrison Index 3 | . . . . . . . . . . . . . . . . . . . . 1 . . . . . . . . . . . . 1 . 1 . Alert Level 44 | . . . . . . . . 1 . 3 . . . . 2 . . . . 6 . . . . 4 2 . . 6 4 5 2 2 4 2 1 Unreport Threat 82 | . . . 1 . . . 5 . . 7 . . . . 4 . . . . 12 . . . . 13 7 . . 7 4 2 . 5 7 3 5 Locate Traps 26 | . 1 . 2 . . . 1 . . 9 . . . . 2 . . . . 5 . . . . 1 . . . . . 1 . . . 3 1 Disarm Traps 3 | . . . . . . . . . . . . . . . 1 . . . . . . . . . . . . . . . 1 . 1 . . . Reprogram Traps 9 | . . . . . . . . . . . . . . . 1 . . . . . . . . . 1 3 . . . 1 1 . 2 . . . Maintenance Status 1 | . . . . . . . . . . . . . . . . . . . . 1 . . . . . . . . . . . . . . . . Security Status 1 | . . . . . . . 1 . . . . . . . . . . . . . . . . . . . . . . . . . . . . . Patrol Status 4 | . . . . . . . . . . 1 . . . . 1 . . . . . . . . . . . . . . . 1 1 . . . . Recall Investigation 31 | . . . . . . . . 2 . 7 . . . . 4 . . . . 5 . . . . 8 . . . 3 1 . 1 . . . . Recall Extermination 20 | . . . . . . . . 3 . 2 . . . . 2 . . . . 3 . . . . 3 . . . 1 . 2 . 2 2 . . Recall Reinforcements 13 | . . . . . . . . . . 1 . . . . 1 . . . . 1 . . . . 7 . . . 2 . . . 1 . . . Recall Assault 8 | . . . . . . . . . . . . . . . . . . . . 2 . . . . 5 . . . . . . . . 1 . . Hauler Manifests 11 | . . . . . . . . . . 1 . . . . 1 . . . . 2 . . . . 5 . . . . . 1 1 . . . . Registered Components 2 | . . . . . . . . 1 . . . . . . . . . . . . . . . . . . . . . . . . . . 1 . Registered Prototypes 1 | . . . . . . . . . . 1 . . . . . . . . . . . . . . . . . . . . . . . . . . Zone Layout 67 | . . . . . . . 4 2 . 4 . . . . 6 . . . . 6 . . . . 8 2 . . 3 2 7 4 4 9 1 5 Disengage Seal 2 | . . . . . . . . . . . . . . . . . . . . . . . . . . . . . . . . . . . . 2 Fabricator Hacks 76 | . . . . . . . . 6 . 15 . . . . 11 . . . . 17 . . . . 17 . . . . 2 . 6 2 . . . Network Status 14 | . . . . . . . . 2 . 3 . . . . 3 . . . . 3 . . . . 2 . . . . . . . 1 . . . Load Schematic 32 | . . . . . . . . 2 . 6 . . . . 4 . . . . 8 . . . . 8 . . . . 1 . 3 . . . . Build 30 | . . . . . . . . 2 . 6 . . . . 4 . . . . 6 . . . . 7 . . . . 1 . 3 1 . . . Repair Station Hacks 11 | . . . . . . . . . . . . . . . . . . . . 5 . . . . 6 . . . . . . . . . . . Scan Component 6 | . . . . . . . . . . . . . . . . . . . . 3 . . . . 3 . . . . . . . . . . . Repair 5 | . . . . . . . . . . . . . . . . . . . . 2 . . . . 3 . . . . . . . . . . . Recycling Unit Hacks 8 | . . . . . . . . . . 1 . . . . . . . . . 2 . . . . 4 . . . . . . . . . 1 . Report Inventory 6 | . . . . . . . . . . . . . . . . . . . . 1 . . . . 4 . . . . . . . . . 1 . Retrieve Components 2 | . . . . . . . . . . 1 . . . . . . . . . 1 . . . . . . . . . . . . . . . . Scanalyzer 45 | . . . . . . . . . . 2 . . . . 3 . . . . 12 . . . . 4 . . . . . 13 . 4 7 . . Insert Component 27 | . . . . . . . . . . 1 . . . . 1 . . . . 4 . . . . 2 . . . . . 9 . 3 7 . . Analyze 18 | . . . . . . . . . . 1 . . . . 2 . . . . 8 . . . . 2 . . . . . 4 . 1 . . . Garrison Access Hacks 30 | . . . . . . . 1 1 . 3 . . . . 4 . . . . 3 . . . . 3 . . . 2 1 1 3 1 1 6 . Seal Access 30 | . . . . . . . 1 1 . 3 . . . . 4 . . . . 3 . . . . 3 . . . 2 1 1 3 1 1 6 . Unauthorized Hacks 232 | . 6 . 10 . . . 5 6 . 22 . . . . 21 . . . . 32 . . . . 39 3 . . 20 5 6 16 10 15 10 6 Terminals 162 | . 4 . 9 . . . 5 3 . 13 . . . . 13 . . . . 17 . . . . 17 3 . . 20 4 6 13 8 14 7 6 Track 39 | . . . . . . . . . . 2 . . . . 1 . . . . 3 . . . . 5 . . . 10 . . 4 3 7 2 2 Assimilate 29 | . . . . . . . 1 . . 1 . . . . 5 . . . . 1 . . . . 4 . . . 3 1 3 2 3 3 2 . Botnet 51 | . . . 1 . . . 2 2 . 5 . . . . 6 . . . . 10 . . . . 7 1 . . 1 2 2 3 2 2 3 2 Detonate 2 | . . . . . . . . . . 1 . . . . . . . . . 1 . . . . . . . . . . . . . . . . Disrupt 14 | . . . 1 . . . 1 . . . . . . . . . . . . . . . . . 1 1 . . 4 . . 3 . 1 . 2 Operators 11 | . . . . . . . 1 1 . 1 . . . . 1 . . . . 2 . . . . . 1 . . . 1 1 1 . 1 . . Sabotage 16 | . 4 . 7 . . . . . . 3 . . . . . . . . . . . . . . . . . . 2 . . . . . . . Fabricators 35 | . . . . . . . . 3 . 7 . . . . 6 . . . . 7 . . . . 7 . . . . 1 . 3 1 . . . Report 4 | . . . . . . . . 1 . 1 . . . . 1 . . . . 1 . . . . . . . . . . . . . . . . Prioritize 28 | . . . . . . . . 2 . 6 . . . . 4 . . . . 5 . . . . 6 . . . . 1 . 3 1 . . . Haulers 3 | . . . . . . . . . . . . . . . 1 . . . . 1 . . . . 1 . . . . . . . . . . . Repair Stations 1 | . . . . . . . . . . . . . . . . . . . . 1 . . . . . . . . . . . . . . . . Mechanics 1 | . . . . . . . . . . . . . . . . . . . . 1 . . . . . . . . . . . . . . . . Recycling Units 28 | . 2 . 1 . . . . . . 2 . . . . . . . . . 7 . . . . 13 . . . . . . . . . 3 . Reject 10 | . . . . . . . . . . . . . . . . . . . . 3 . . . . 6 . . . . . . . . . 1 . Recyclers 3 | . . . . . . . . . . . . . . . . . . . . 1 . . . . 1 . . . . . . . . . 1 . Mask 10 | . . . . . . . . . . . . . . . . . . . . 3 . . . . 6 . . . . . . . . . 1 . Tunnel 5 | . 2 . 1 . . . . . . 2 . . . . . . . . . . . . . . . . . . . . . . . . . . Scanalyzers 2 | . . . . . . . . . . . . . . . . . . . . . . . . . . . . . . . . . 1 1 . . Researchers 2 | . . . . . . . . . . . . . . . . . . . . . . . . . . . . . . . . . 1 1 . . Garrison Access 4 | . . . . . . . . . . . . . . . 2 . . . . . . . . . 2 . . . . . . . . . . . Broadcast 1 | . . . . . . . . . . . . . . . 1 . . . . . . . . . . . . . . . . . . . . . Reprogram 1 | . . . . . . . . . . . . . . . . . . . . . . . . . 1 . . . . . . . . . . . Watchers 2 | . . . . . . . . . . . . . . . 1 . . . . . . . . . 1 . . . . . . . . . . . Data Cores Recovered 3 | . . . . . . . . . . . . . . . . . . . . 2 . . . . . . . . . . 1 . . . . . Used 1 | . . . . . . . . . . . . . . . . . . . . 1 . . . . . . . . . . . . . . . . Hacking Detections 146 | . 4 . 6 . . . 2 7 . 19 . . . . 13 . . . . 20 . . . 1 17 2 . . 10 4 7 8 6 11 4 5 Full Trace Events 35 | . 1 . . . . . 1 3 . 8 . . . . 5 . . . . 6 . . . . 6 . . . 1 1 . 3 . . . . Feedback Events 3 | . . . . . . . . . . 3 . . . . . . . . . . . . . . . . . . . . . . . . . . Corruption 2 | . . . . . . . . . . 2 . . . . . . . . . . . . . . . . . . . . . . . . . . Hackware Fried 1 | . . . . . . . . . . 1 . . . . . . . . . . . . . . . . . . . . . . . . . . Feedback Blocked . | . . . . . . . . . . . . . . . . . . . . . . . . . . . . . . . . . . . . . Robot Schematics Acquired 17 | . . . . . . . . 1 . 2 . . 5 . . . . . . 2 . . . . 4 1 . . 1 . 1 . . . . . Robots Built 6 | . . . . . . . . . . . . . . . . . . . . 2 . . . . 3 . . . . . . . 1 . . . Authchips . | . . . . . . . . . . . . . . . . . . . . . . . . . . . . . . . . . . . . . Time 275 | . . . . . . . . . . . . . . . . . . . . 67 . . . . 97 . . . . . . . 111 . . . Total Robot Build Rating 40 | . . . . . . . . . . . . . . . . . . . . 8 . . . . 23 . . . . . . . 9 . . . Part Schematics Acquired 100 | . . . . . . . . 7 . 6 . . 10 . 6 . . . . 16 . . . . 10 1 . . 9 2 12 5 10 6 . . Parts Built 30 | . . . . . . . . 4 . 7 . . . . 4 . . . . 5 . . . . 6 . . . . 1 . 3 . . . . Authchips . | . . . . . . . . . . . . . . . . . . . . . . . . . . . . . . . . . . . . . Time 1451 | . . . . . . . . 41 . 294 . . . . 216 . . . . 355 . . . . 323 . . . . 37 . 185 . . . . Total Part Build Rating 200 | . . . . . . . . 22 . 37 . . . . 21 . . . . 35 . . . . 49 . . . . 9 . 27 . . . . Parts Repaired 5 | . . . . . . . . . . . . . . . . . . . . 2 . . . . 3 . . . . . . . . . . . Time 320 | . . . . . . . . . . . . . . . . . . . . 136 . . . . 184 . . . . . . . . . . . Parts Recycled . | . . . . . . . . . . . . . . . . . . . . . . . . . . . . . . . . . . . . . Recycled Matter . | . . . . . . . . . . . . . . . . . . . . . . . . . . . . . . . . . . . . . Retrieved Matter . | . . . . . . . . . . . . . . . . . . . . . . . . . . . . . . . . . . . . . Retrieved Components 4 | . . . . . . . . . . 1 . . . . . . . . . 3 . . . . . . . . . . . . . . . . Parts Scanalyzed 12 | . . . . . . . . . . 1 . . . . 1 . . . . 4 . . . . 2 . . . . . 3 . 1 . . . Part Schematics Acquired 12 | . . . . . . . . . . 1 . . . . 1 . . . . 4 . . . . 2 . . . . . 3 . 1 . . . Parts Damaged 5 | . . . . . . . . . . . . . . . . . . . . 2 . . . . 1 . . . . . 2 . . . . . Bothacking | -11 -10 -10 -9 -9 -9 -8 -8 -7 -7 -7 -7 -7 -7 -6 -6 -6 -6 -6 -5 -5 -5 -5 -5 -4 -4 -4 -4 -4 -4 -3 -3 -2 -2 -2 -1 -1 ------------ Run | Jun Mat Min Mat Min Exi Min Mat Fac Was Fac Low Low Dat Pro Fac Low Low Zio Pro Fac Upp Upp War Pro Fac Ext Cet Arc Hub Res Qua Res Tes Sec Acc Com Used RIF Installer . | . . . . . . . . . . . . . . . . . . . . . . . . . . . . . . . . . . . . . Robots Hacked 12 | . 4 . . . . . . . . . . . . . . . . . . . . . . . . . . 3 . . . . . 2 . 3 Non-combat 7 | . 4 . . . . . . . . . . . . . . . . . . . . . . . . . . 3 . . . . . . . . Combat 5 | . . . . . . . . . . . . . . . . . . . . . . . . . . . . . . . . . . 2 . 3 Robot Hacks Applied 17 | . 7 . . . . . . . . . . . . . . . . . . . . . . . . . . 4 . . . . . 2 . 4 parse_system 9 | . 3 . . . . . . . . . . . . . . . . . . . . . . . . . . 1 . . . . . 1 . 4 no_distress 3 | . 3 . . . . . . . . . . . . . . . . . . . . . . . . . . . . . . . . . . . check_alert 4 | . 1 . . . . . . . . . . . . . . . . . . . . . . . . . . 3 . . . . . . . . find_scanalyzer 1 | . . . . . . . . . . . . . . . . . . . . . . . . . . . . . . . . . . 1 . . Manual 1 | . . . . . . . . . . . . . . . . . . . . . . . . . . . . . . . . . . . . 1 Relay Couplers Released 3 | . . . . . . . . . . . . . . . . . . . . . . . . . 2 . . . . . . 1 . . . . Machine Destruction 3 | . . . . . . . . . . . . . . . . . . . . . . . . . 2 . . . . . . 1 . . . . Fabnet Peak Effective % . | . . . . . . . . . . . . . . . . . . . . . . . . . . . . . . . . . . . . . Robots Rewired 12 | . . . . . . . . . . . . . . . . . . . . . . . 5 . 1 5 . . . . . . 1 . . . Allies Hacked 1 | . . . . . . . . . . . . . . . . . . . . . . . . . . . 1 . . . . . . . . . Hacks Repelled . | . . . . . . . . . . . . . . . . . . . . . . . . . . . . . . . . . . . . . Allies | -11 -10 -10 -9 -9 -9 -8 -8 -7 -7 -7 -7 -7 -7 -6 -6 -6 -6 -6 -5 -5 -5 -5 -5 -4 -4 -4 -4 -4 -4 -3 -3 -2 -2 -2 -1 -1 -------- Run | Jun Mat Min Mat Min Exi Min Mat Fac Was Fac Low Low Dat Pro Fac Low Low Zio Pro Fac Upp Upp War Pro Fac Ext Cet Arc Hub Res Qua Res Tes Sec Acc Com Total Allies 81 | . . 1 . 3 . . 1 . 19 1 . . . 1 5 . . . . 3 . 2 5 . 12 15 1 . 3 1 1 1 4 1 1 . Largest Group 18 | . . 1 . 3 . . 1 1 18 1 . . . 1 3 1 1 1 1 2 2 4 9 7 8 18 18 12 5 6 4 4 6 5 2 . Highest-Rated Group 873 | . . 31 . 40 . . 10 10 451 10 . . . 96 132 22 22 22 22 55 55 247 526 466 262 873 873 641 177 203 143 143 326 276 196 . Highest-Rated Ally 159 | . . 31 . 16 . . 10 10 35 10 . . . 96 96 22 22 22 22 29 29 96 96 96 82 159 159 159 82 82 82 82 159 151 151 . Total Orders 331 | . . . . . . . . 2 . . . . . . 17 10 2 2 2 35 2 2 9 3 55 5 4 3 27 13 12 5 89 24 8 . STAY 209 | . . . . . . . . 1 . . . . . . 9 5 1 1 1 12 1 1 8 2 32 3 1 2 16 8 6 3 76 14 6 . ROAM 10 | . . . . . . . . . . . . . . . . . . . . 1 . . . 1 3 . . . 1 . 2 . 2 . . . FOLLOW 105 | . . . . . . . . 1 . . . . . . 8 5 1 1 1 16 1 1 1 . 20 2 3 1 9 5 4 2 11 10 2 . AID 1 | . . . . . . . . . . . . . . . . . . . . . . . . . . . . . 1 . . . . . . . PICKUP 6 | . . . . . . . . . . . . . . . . . . . . 6 . . . . . . . . . . . . . . . . Ally Attacks 347 | . . 7 . 14 . . . . 163 . . . . 10 1 . . . . . . . 24 7 12 32 31 17 1 9 . 2 8 . 9 . Total Damage 11564 | . . 126 . 135 . . . . 5384 . . . . 276 50 . . . . . . . 1078 254 360 1056 950 556 36 427 . 119 196 . 561 . Kills 73 | . . 1 . 3 . . . . 13 . . . . 5 . . . . . . . . 7 1 5 10 12 4 . 4 . 1 . . 7 . Allies Corrupted 2 | . . . . . . . . . . . . . . . . . . . . . . . . . 1 . 1 . . . . . . . . . Allies Melted . | . . . . . . . . . . . . . . . . . . . . . . . . . . . . . . . . . . . . . Intel | -11 -10 -10 -9 -9 -9 -8 -8 -7 -7 -7 -7 -7 -7 -6 -6 -6 -6 -6 -5 -5 -5 -5 -5 -4 -4 -4 -4 -4 -4 -3 -3 -2 -2 -2 -1 -1 ------- Run | Jun Mat Min Mat Min Exi Min Mat Fac Was Fac Low Low Dat Pro Fac Low Low Zio Pro Fac Upp Upp War Pro Fac Ext Cet Arc Hub Res Qua Res Tes Sec Acc Com Robot Analysis Total 46 | . 2 . 3 . . . 2 . . 6 . . . . . . . . . 3 . . . . 1 3 . . 2 2 2 6 3 8 1 2 Derelict Logs Recovered 20 | . . 1 . 1 . . . . . . 2 2 . 2 . 1 2 2 3 . 1 2 . 1 . . . . . . . . . . . . Drone Launches . | . . . . . . . . . . . . . . . . . . . . . . . . . . . . . . . . . . . . . Drone Recoveries . | . . . . . . . . . . . . . . . . . . . . . . . . . . . . . . . . . . . . . Exploration | -11 -10 -10 -9 -9 -9 -8 -8 -7 -7 -7 -7 -7 -7 -6 -6 -6 -6 -6 -5 -5 -5 -5 -5 -4 -4 -4 -4 -4 -4 -3 -3 -2 -2 -2 -1 -1 ------------- Run | Jun Mat Min Mat Min Exi Min Mat Fac Was Fac Low Low Dat Pro Fac Low Low Zio Pro Fac Upp Upp War Pro Fac Ext Cet Arc Hub Res Qua Res Tes Sec Acc Com Turns Passed 48133 | 237 4234 873 3138 773 538 1185 1877 1624 118 1983 386 328 19 621 3213 521 315 588 835 4959 4524 573 341 968 3836 627 157 971 1457 939 881 565 1411 1393 842 283 Spaces Moved 83279 | 48 1638 502 1307 370 274 604 972 1051 200 4755 1306 1005 78 775 6492 1270 897 1724 1606 11991 1403 1453 870 1370 11584 970 348 202 4224 2599 3022 2093 4259 5071 4083 863 Core 32 | 11 . . . . . . . . . . . . . . . . . . . . . . . . . 1 . . . . . . 20 . . . Treads 6356 | . 1502 502 1307 370 274 604 972 825 . . . . . . . . . . . . . . . . . . . . . . . . . . . . Legs 173 | 37 136 . . . . . . . . . . . . . . . . . . . . . . . . . . . . . . . . . . . Wheels . | . . . . . . . . . . . . . . . . . . . . . . . . . . . . . . . . . . . . . Hover 224 | . . . . . . . . 224 . . . . . . . . . . . . . . . . . . . . . . . . . . . . Flight 76494 | . . . . . . . . 2 200 4755 1306 1005 78 775 6492 1270 897 1724 1606 11991 1403 1453 870 1370 11584 969 348 202 4224 2599 3022 2093 4239 5071 4083 863 Fastest Speed 10 | 50 120 160 160 166 166 158 145 29 26 23 23 23 23 23 23 23 23 23 23 21 21 18 14 16 16 16 16 16 16 16 16 10 11 11 11 11 Average Speed 29 | 103 156 160 163 166 166 162 146 128 28 25 23 23 23 23 23 23 29 23 23 21 21 18 19 16 16 16 16 16 16 16 16 16 11 11 11 11 Slowest Speed 170 | 120 160 160 170 166 166 166 158 145 29 29 23 23 23 23 94 23 97 97 23 23 21 21 89 16 20 100 16 16 20 16 18 17 150 11 11 11 Overloaded Moves 52 | . . . . . . . . . . . . . . . . . . . . . . . 52 . . . . . . . . . . . . . Propulsion Burnouts . | . . . . . . . . . . . . . . . . . . . . . . . . . . . . . . . . . . . . . Robots Hopped 417 | . . . . . . . . . 2 37 . 2 . . 20 . . . . 79 . . . . 118 7 . . 30 11 16 14 26 7 48 . Cave-ins Triggered . | . . . . . . . . . . . . . . . . . . . . . . . . . . . . . . . . . . . . . Exploration Rate (%) 79 | 3 99 99 91 79 63 97 71 21 77 85 92 93 68 86 83 94 92 85 98 96 98 97 89 98 90 74 83 75 98 45 92 61 97 94 53 30 Regions Visited 36 Branch Regions 24 Pre-discovered Areas 12 | . 2 . 1 1 1 . . . . 2 . . 1 . . 1 . 1 1 . . 1 . . . . . . . . . . . . . . Known Exits Taken 28 | . . . . . . 1 1 . . 1 1 1 1 1 1 1 1 1 1 1 1 1 1 1 1 1 1 1 1 1 1 1 1 1 1 . Unknown Exits Taken 6 | 1 1 1 1 1 1 . . . . . . . . . . . . . . . . . . . . . . . . . . . . . . . Scrap Searched 32 | . . 1 . . . 2 . . . . 3 3 . 1 . 4 5 3 4 . 4 1 . 1 . . . . . . . . . . . . Spaces Dug 174 | . 17 . 20 . . . . 5 1 9 . . . . 16 . . 2 1 28 . . 1 . 22 . . . 1 2 7 2 8 11 17 4 Terrain Destroyed 764 | . 152 26 181 1 . 25 . 5 1 17 . . . . 16 . . 2 1 80 . . 26 128 22 . . . 1 31 7 2 8 11 17 4 Melee 137 | . . . . . . . . 5 1 9 . . . . 16 . . 2 1 28 . . 1 . 22 . . . 1 2 7 2 8 11 17 4 Projectile 1 | . . . 1 . . . . . . . . . . . . . . . . . . . . . . . . . . . . . . . . . AOE 626 | . 152 26 180 1 . 25 . . . 8 . . . . . . . . . 52 . . 25 128 . . . . . 29 . . . . . . Terrain Rammed . | . . . . . . . . . . . . . . . . . . . . . . . . . . . . . . . . . . . . . Walls Destroyed . | . . . . . . . . . . . . . . . . . . . . . . . . . . . . . . . . . . . . . Machines Disabled . | . . . . . . . . . . . . . . . . . . . . . . . . . . . . . . . . . . . . . Actions | -11 -10 -10 -9 -9 -9 -8 -8 -7 -7 -7 -7 -7 -7 -6 -6 -6 -6 -6 -5 -5 -5 -5 -5 -4 -4 -4 -4 -4 -4 -3 -3 -2 -2 -2 -1 -1 --------- Run | Jun Mat Min Mat Min Exi Min Mat Fac Was Fac Low Low Dat Pro Fac Low Low Zio Pro Fac Upp Upp War Pro Fac Ext Cet Arc Hub Res Qua Res Tes Sec Acc Com Total 104297 | 194 3016 552 2006 451 357 730 1323 1254 241 5354 1378 1079 78 1197 8007 1469 939 1879 2030 14163 5613 1718 1015 2098 13312 1397 434 1133 4876 3062 3352 2260 5115 5820 4368 1027 Wait 17666 | 122 1073 32 409 28 84 64 265 108 10 460 55 50 . 399 1333 150 30 118 377 1808 4167 223 73 662 1474 329 25 893 526 339 292 80 801 532 201 74 Move 82446 | 47 1637 501 1306 369 273 603 971 1051 196 4681 1305 1001 77 774 6454 1269 896 1723 1605 11836 1402 1452 869 1369 11359 955 347 201 4166 2578 2989 2065 4210 5056 3990 863 Hop 381 | . . . . . . . . . 1 36 . 1 . . 17 . . . . 75 . . . . 106 7 . . 27 9 16 13 22 7 44 . Pick Up 175 | . 1 . 5 . . . 1 3 1 6 1 . . . 4 4 2 2 3 48 . . 6 5 37 . 2 2 3 3 8 . 5 16 3 4 Fast Attach 160 | 6 14 2 12 . . 3 11 7 8 14 1 . . . 8 . . 5 . 16 . 1 7 . 4 . 2 . 2 3 5 10 7 10 2 . Attach 45 | . . . 1 . . . . 1 . 5 . . 1 . . . . . . 8 . . 2 2 7 . 2 1 . 1 . . . 8 2 4 Detach 37 | . . . 1 . . . 1 . 1 5 . . . . . . . . . 7 . . 2 . 6 . 1 . 1 . . 2 1 5 1 3 Swap 157 | . 1 . 14 1 . . 3 1 . 9 . . . . 10 . 1 2 . 12 . . . 5 15 3 1 3 17 11 1 7 6 18 12 4 Drop 269 | . 10 1 17 . . 1 10 9 4 11 2 . . . 10 4 2 7 3 58 . . 14 5 32 . 3 1 5 6 13 10 11 14 3 3 Fire 586 | 19 154 10 163 34 . 33 48 29 10 8 . . . . 10 . . . . . . . 1 7 . . . . . 23 . 12 . 13 7 5 Melee 1315 | . 10 . . . . . . 8 1 73 9 14 . 14 123 22 5 21 28 199 31 24 19 28 162 42 27 18 91 33 23 32 43 101 67 47 Ram . | . . . . . . . . . . . . . . . . . . . . . . . . . . . . . . . . . . . . . Kick 2 | . 2 . . . . . . . . . . . . . . . . . . . . . . . . . . . . . . . . . . . Crush 33 | . 16 2 3 2 . 8 . 2 . . . . . . . . . . . . . . . . . . . . . . . . . . . . Escape Stasis 22 | . . . . . . . . . . 18 . . . . . . . . . . . . . . . . . . . . . . . . 4 . Rewire 20 | . . . . . . . . . . . . . . . . . . . . . . . 9 . 1 9 . . . . . . 1 . . . Trap 138 | . 80 . . . . . . . . . . . . . . . . . . 12 . . . . 14 2 . . 13 . . . . 17 . . Miscellaneous 845 | . 18 4 75 17 . 18 13 35 9 28 5 13 . 10 38 20 3 1 14 84 13 18 13 15 95 50 24 14 25 56 5 29 8 23 32 20 Route ------- -11/Junkyard -10/Materials (discovered 5 exits: *Mat x3 / [*Min x2]) -10/Mines (discovered 2 exits: *Mat x2) -9/Materials (discovered 7 exits: *Mat x3 / [*Min x2] / [*Sto x2]) -9/Mines (discovered 3 exits: *Mat x2 / *Exi) -9/Exiles (discovered 2 exits: [*Min x2]) -8/Mines (discovered 2 exits: *Mat x2) -8/Materials (discovered 3 exits: *Fac x3) -7/Factory (discovered 2 exits: Low x2) -7/Waste -7/Factory (discovered 2 exits: *Low x2) -7/Lower Caves -7/Lower Caves -7/Data Miner -6/Proximity Caves -6/Factory (discovered 6 exits: *Fac x4 / *Low x2) -6/Lower Caves -6/Lower Caves (discovered 2 exits: *Fac / *Zio) -6/Zion -5/Proximity Caves -5/Factory (discovered 6 exits: *Fac x4 / *Upp x2) -5/Upper Caves -5/Upper Caves (discovered 2 exits: *Fac / *War) -5/Warlord -4/Proximity Caves -4/Factory (discovered 9 exits: *Res x4 / *Upp x2 / *Ext x2 / Arm) -4/Extension (discovered 2 exits: *Res / *Cet) -4/Cetus (discovered 2 exits: *Res / *Arc) -4/Archives (discovered 3 exits: *Res / *Hub x2) -4/Hub_04(d) (discovered 4 exits: *Res x4) -3/Research (discovered 5 exits: *Res x3 / *Qua x2) -3/Quarantine -2/Research (discovered 5 exits: Acc x3 / *Tes x2) -2/Testing (discovered 2 exits: *Acc / *Sec) -2/Section 7 -1/Access -1/Command (discovered 2 exits: Sur x2) Free Derelict Territories History --------- Turn | Location | Event 1 | -11/Junkyard | Upgraded with Propulsion slot (x1) 1 | -11/Junkyard | Upgraded with Utility slot (x2) 1 | -11/Junkyard | Upgraded with Weapon slot (x1) 4 | -11/Junkyard | Discovered new exit (range 16) 238 | -11/Junkyard | Entered Materials 309 | -10/Materials | Build established: Mutant 523 | -10/Materials | Discovered new exit (range 15) 670 | -10/Materials | Reached level 2 832 | -10/Materials | Core integrity fell below 50% 860 | -10/Materials | Build established: Scavenger-Mutant 892 | -10/Materials | Discovered new exit (range 12) 1006 | -10/Materials | Upgraded with Utility slot (x1) 1121 | -10/Materials | Reached level 3 1297 | -10/Materials | Discovered new exit (range 11) 1304 | -10/Materials | Discovered new exit (range 7) 1703 | -10/Materials | Upgraded with Weapon slot (x1) 2021 | -10/Materials | Build established: Scavenger-Assassin 2740 | -10/Materials | Discovered new exit (range 12) 3321 | -10/Materials | Reached level 4 3390 | -10/Materials | Build established: Scavenger-Mutant 4335 | -10/Materials | Build established: Scavenger-Skirmisher 4472 | -10/Materials | Entered Mines 4474 | -10/Mines | Reached level 5 4512 | -10/Mines | Upgraded with Utility slot (x1) 4564 | -10/Mines | Received a Rocket Launcher from a helpful Derelict 4613 | -10/Mines | Discovered new exit (range 13) 4927 | -10/Mines | Found a damaged Exp. Sensor Array with a note attached 5013 | -10/Mines | Received a Mining Laser from a helpful Derelict 5247 | -10/Mines | Discovered new exit (range 11) 5301 | -10/Mines | Learned location of 1 exit from Materials 5345 | -10/Mines | Entered Materials 5346 | -9/Materials | Identified exit to Materials 5347 | -9/Materials | Reached level 6 5347 | -9/Materials | Discovered new exit (range 13) 5475 | -9/Materials | Reached level 7 5539 | -9/Materials | Core integrity fell below 50% 5798 | -9/Materials | Discovered new exit (range 12) 5835 | -9/Materials | Discovered new exit (range 7) 5846 | -9/Materials | Reached level 8 5858 | -9/Materials | Upgraded with Propulsion slot (x1) 6058 | -9/Materials | Discovered exit to Materials (range 14) 6352 | -9/Materials | Central database locked down 6416 | -9/Materials | Upgraded with Utility slot (x1) 6545 | -9/Materials | First assault squad dispatched 6555 | -9/Materials | Reached level 9 6626 | -9/Materials | Destroyed 8 combat bots 6790 | -9/Materials | Discovered exit to Materials (range 16) 7097 | -9/Materials | Reached level 10 7209 | -9/Materials | Discovered new exit (range 15) 7723 | -9/Materials | Build established: Scavenger-Mutant 8217 | -9/Materials | Sterilization system engaged 8217 | -9/Materials | Non-combat units ordered to evacuate 8317 | -9/Materials | Combat units ordered to evacuate 8483 | -9/Materials | Entered Mines 8643 | -9/Mines | Discovered exit to Materials (range 14) 8666 | -9/Mines | Assisted by bots powering up and referring to "LRC-V3" 8671 | -9/Mines | Discovered exit to Materials (range 16) 8684 | -9/Mines | Learned Materials garrison access intel 8685 | -9/Mines | Learned location of Storage (-9) 8789 | -9/Mines | Build established: Skirmisher 8922 | -9/Mines | Deemed a non-threat by the Exiles lab entrance 8922 | -9/Mines | Discovered new exit (range 6) 9018 | -9/Mines | Reached level 11 9080 | -9/Mines | Assembled infested the area 9185 | -9/Mines | Met 8R-AWN 9256 | -9/Mines | Entered Exiles 9280 | -9/Exiles | Discovered new exit (range 15) 9300 | -9/Exiles | Welcomed by 8R-AWN 9337 | -9/Exiles | Met EX-HEX 9404 | -9/Exiles | Met EX-DEC 9410 | -9/Exiles | Learned location of Zion (-6) 9437 | -9/Exiles | Met EX-BIN 9747 | -9/Exiles | Discovered new exit (range 14) 9794 | -9/Exiles | Entered Mines 9824 | -8/Mines | Discovered exit to Materials (range 14) 10175 | -8/Mines | Upgraded with Power slot (x1) 10214 | -8/Mines | Discovered exit to Materials (range 10) 10469 | -8/Mines | Build established: Scavenger-Skirmisher 10744 | -8/Mines | Upgraded with Propulsion slot (x1) 10979 | -8/Mines | Entered Materials 10980 | -8/Materials | Loaded intel: 1 garrison access location 10981 | -8/Materials | Reached level 12 11029 | -8/Materials | Upgraded with Utility slot (x1) 11335 | -8/Materials | Build established: Hacker-Skirmisher 11509 | -8/Materials | Reached level 13 11622 | -8/Materials | Upgraded with Utility slot (x1) 11795 | -8/Materials | Discovered new exit (range 4) 11924 | -8/Materials | Build established: Wizard-Skirmisher 12011 | -8/Materials | Discovered new exit (range 16) 12415 | -8/Materials | Central database locked down 12651 | -8/Materials | Discovered new exit (range 12) 12848 | -8/Materials | Identified exit to Factory 12856 | -8/Materials | Entered Factory 12856 | -7/Factory | Accompanied by 1 ally 12858 | -7/Factory | Reached level 14 12861 | -7/Factory | Upgraded with Utility slot (x1) 13174 | -7/Factory | Fabricated Weapon Mount (x2) 13236 | -7/Factory | Identified exit to Lower Caves 13764 | -7/Factory | Build established: Wizard-Mutant 14032 | -7/Factory | Fabricated Gyrokinetic Inverter (x2) 14480 | -7/Factory | Sucked down chute 14480 | -7/Factory | Entered Waste 14490 | -7/Waste | Spotted C-40 Crusher 14492 | -7/Waste | Found Prototype Hackware 14492 | -7/Waste | Identified Exp. Hacking Suite 14495 | -7/Waste | EMP discharged 14497 | -7/Waste | Spotted C-40 Crusher 14497 | -7/Waste | Crushed by Compactor (1 part destroyed, 2 dropped) 14500 | -7/Waste | Spotted C-40 Crusher 14502 | -7/Waste | Spotted C-40 Crusher 14505 | -7/Waste | Spotted C-40 Crusher 14506 | -7/Waste | Spotted C-40 Crusher 14515 | -7/Waste | Met Warlord forces unprepared to attack 14524 | -7/Waste | Allies destroyed C-40 Crusher 14529 | -7/Waste | Allies destroyed C-40 Crusher 14531 | -7/Waste | Destroyed C-40 Crusher 14542 | -7/Waste | Allies destroyed C-40 Crusher 14548 | -7/Waste | Allies destroyed C-40 Crusher 14553 | -7/Waste | Crushed by Compactor (1 part destroyed, 2 dropped) 14567 | -7/Waste | Destroyed C-40 Crusher 14595 | -7/Waste | EMP discharged 14595 | -7/Waste | System corruption reached 10% 14596 | -7/Waste | Discovered new exit (range 11) 14598 | -7/Waste | Identified exit to Factory 14598 | -7/Waste | Entered Factory 14670 | -7/Factory | Fabricated System Restoration Module (x2) 14771 | -7/Factory | Build established: Wizard-Sprinter 14978 | -7/Factory | Fabricated Adv. Hacking Suite (x1) 15092 | -7/Factory | Reached level 15 15171 | -7/Factory | Fabricated Adv. Hacking Suite (x1) 15417 | -7/Factory | Adv. Hacking Suite fried by hacking feedback 15525 | -7/Factory | Cargo convoy interrupted 15767 | -7/Factory | Central database locked down 15952 | -7/Factory | Fabricated Adv. System Shield (x1) 16027 | -7/Factory | Fabricated Adv. System Shield (x1) 16190 | -7/Factory | Fabricated Cld. Cesium-ion Thruster (x1) 16190 | -7/Factory | Upgraded with Propulsion slot (x1) 16336 | -7/Factory | Reached level 16 16581 | -7/Factory | Entered Lower Caves 16587 | -7/Lower Caves | Encountered a Warlord checkpoint 16774 | -7/Lower Caves | Discovered new exit (range 8) 16795 | -7/Lower Caves | Attracted the attention of an 0b10 checkpoint 16802 | -7/Lower Caves | Identified exit to Lower Caves 16871 | -7/Lower Caves | Learned 4 Factory zone layouts 16956 | -7/Lower Caves | Learned Factory terminal intel 16956 | -7/Lower Caves | Learned Extension security intel 16956 | -7/Lower Caves | Learned Armory stockpile data 16967 | -7/Lower Caves | Entered another Lower Caves area 16987 | -7/Lower Caves | Learned Factory garrison access intel 16987 | -7/Lower Caves | Learned Extension emergency access door positions 16987 | -7/Lower Caves | Learned Research emergency access door positions 16987 | -7/Lower Caves | Learned Factory emergency access door positions 17052 | -7/Lower Caves | Learned Factory emergency access door positions 17181 | -7/Lower Caves | Discovered new exit (range 12) 17204 | -7/Lower Caves | Attracted the attention of an 0b10 checkpoint 17235 | -7/Lower Caves | Learned Factory stockpile data 17295 | -7/Lower Caves | Identified exit to Data Miner 17295 | -7/Lower Caves | Entered Data Miner 17295 | -7/Data Miner | Discovered new exit (range 6) 17297 | -7/Data Miner | Reached level 17 17300 | -7/Data Miner | Met Data Miner 17304 | -7/Data Miner | Acquired the access code to Warlord's prototype stash 17304 | -7/Data Miner | Learned location of Section 7 (-2) 17305 | -7/Data Miner | Upgraded with Utility slot (x1) 17309 | -7/Data Miner | Received God Mode back door access code from Data Miner 17314 | -7/Data Miner | Identified exit to Proximity Caves 17314 | -7/Data Miner | Entered Proximity Caves 17320 | -6/Proximity Caves | Escorted by Enhanced Grunt 17351 | -6/Proximity Caves | Reached level 18 17434 | -6/Proximity Caves | Learned Factory stockpile data 17536 | -6/Proximity Caves | Learned Factory terminal intel 17726 | -6/Proximity Caves | Received a Behemoth hack from an annoying Tinkerer 17885 | -6/Proximity Caves | Discovered new exit (range 14) 17935 | -6/Proximity Caves | Identified exit to Factory 17935 | -6/Proximity Caves | Entered Factory 17935 | -6/Factory | Accompanied by 1 ally 17936 | -6/Factory | Identified exit to Lower Caves 17939 | -6/Factory | Loaded intel: 26 terminal locations 17940 | -6/Factory | Loaded intel: 4 garrison access locations 18064 | -6/Factory | Identified exit to Factory 18309 | -6/Factory | Reached level 19 18312 | -6/Factory | Upgraded with Utility slot (x1) 19922 | -6/Factory | Central database locked down 20087 | -6/Factory | Fabricated Shock Maul (x1) 20306 | -6/Factory | Fabricated Adv. Hacking Suite (x1) 20427 | -6/Factory | Fabricated Cld. Cesium-ion Thruster (x1) 20658 | -6/Factory | Destroyed 7 combat bots 20724 | -6/Factory | Incoming assault squad redirected 20739 | -6/Factory | Incoming investigation squad redirected 20741 | -6/Factory | Fabricated Cld. Cesium-ion Thruster (x1) 21056 | -6/Factory | Reached level 20 21148 | -6/Factory | Entered Lower Caves 21148 | -6/Lower Caves | Accompanied by 1 ally 21316 | -6/Lower Caves | Encountered a Warlord checkpoint 21316 | -6/Lower Caves | Learned location of Extension (-4) 21620 | -6/Lower Caves | Discovered new exit (range 10) 21624 | -6/Lower Caves | Identified exit to Lower Caves 21669 | -6/Lower Caves | Entered another Lower Caves area 21669 | -6/Lower Caves | Accompanied by 1 ally 21684 | -6/Lower Caves | Discovered exit to Factory (range 8) 21699 | -6/Lower Caves | Learned Factory stockpile data 21728 | -6/Lower Caves | Learned Factory stockpile data 21769 | -6/Lower Caves | Encountered a Warlord checkpoint 21811 | -6/Lower Caves | Discovered new exit (range 14) 21983 | -6/Lower Caves | Identified exit to Zion 21984 | -6/Lower Caves | Entered Zion 21984 | -6/Zion | Accompanied by 1 ally 21997 | -6/Zion | System corruption cleaned by Quarantine Array 22008 | -6/Zion | Discovered new exit (range 14) 22093 | -6/Zion | Given the Hacking Drone Bay 22102 | -6/Zion | Given A8's code to call for help 22138 | -6/Zion | Learned Factory emergency access door positions 22160 | -6/Zion | Found CR-A16's Pointy Stick 22399 | -6/Zion | Found Prototype Device 22399 | -6/Zion | Identified Phasing AFG 22543 | -6/Zion | Identified exit to Proximity Caves 22572 | -6/Zion | Entered Proximity Caves 22572 | -5/Proximity Caves | Accompanied by 1 ally 22574 | -5/Proximity Caves | Reached level 21 22586 | -5/Proximity Caves | Learned location of Armory (-4) 22707 | -5/Proximity Caves | Discovered exit to Factory (range 6) 22881 | -5/Proximity Caves | Attracted the attention of an 0b10 checkpoint 23018 | -5/Proximity Caves | Learned 8 Factory zone layouts 23018 | -5/Proximity Caves | Learned Research terminal intel 23018 | -5/Proximity Caves | Learned Research security intel 23018 | -5/Proximity Caves | Learned Extension emergency access door positions 23053 | -5/Proximity Caves | Attracted the attention of an 0b10 base 23407 | -5/Proximity Caves | Entered Factory 23407 | -5/Factory | Accompanied by 1 ally 23408 | -5/Factory | Identified exit to Upper Caves 23409 | -5/Factory | Identified exit to Factory 23412 | -5/Factory | Loaded intel: 26 terminal locations 23448 | -5/Factory | Reached level 22 23834 | -5/Factory | Upgraded with Utility slot (x1) 24204 | -5/Factory | Cargo convoy interrupted 24222 | -5/Factory | Incoming assault squad redirected 24388 | -5/Factory | Found Prototype Slashing Weapon 24388 | -5/Factory | Identified Nanosword 24391 | -5/Factory | Found Prototype Device 24391 | -5/Factory | Identified Adv. Kinecellerator 24412 | -5/Factory | Found Prototype Launcher 24659 | -5/Factory | Identified Gui. Micro-nuke Launcher 24762 | -5/Factory | Repaired Broken Nanosword 24863 | -5/Factory | Spotted B-75 Beast 24878 | -5/Factory | Revealed the true nature of CR-A16's Pointy Stick 24880 | -5/Factory | Destroyed B-75 Beast 24935 | -5/Factory | Fabricated Nanoactuators (x2) 25555 | -5/Factory | Fabricated O-24 Administrator (x1) 25611 | -5/Factory | Reached level 23 25717 | -5/Factory | Destroyed 8 combat bots 25999 | -5/Factory | Fabricated Plasma Lance (x1) 26789 | -5/Factory | Fabricated Exp. Hacking Suite (x1) 26944 | -5/Factory | Fabricated Exp. Hacking Suite (x1) 27017 | -5/Factory | Central database locked down 27167 | -5/Factory | Repaired Broken Cld. Impulse Thruster 27237 | -5/Factory | Fabricated A-15 Conveyor (x1) 27385 | -5/Factory | Found Adv. Kinecellerator 27480 | -5/Factory | Found Gui. Micro-nuke Launcher 27907 | -5/Factory | First assault squad dispatched 28366 | -5/Factory | Entered Upper Caves 28366 | -5/Upper Caves | Accompanied by 2 allies 28428 | -5/Upper Caves | Reached level 24 28464 | -5/Upper Caves | Attracted the attention of an 0b10 checkpoint 28495 | -5/Upper Caves | Destroyed 7 combat bots 28561 | -5/Upper Caves | Learned Factory garrison access intel 28676 | -5/Upper Caves | Discovered new exit (range 13) 28804 | -5/Upper Caves | Identified exit to Upper Caves 32890 | -5/Upper Caves | Entered another Upper Caves area 32890 | -5/Upper Caves | Accompanied by 2 allies 32891 | -5/Upper Caves | Identified exit to Warlord 32992 | -5/Upper Caves | Upgraded with Propulsion slot (x1) 33002 | -5/Upper Caves | Discovered exit to Factory (range 7) 33007 | -5/Upper Caves | Destroyed 9 combat bots 33125 | -5/Upper Caves | Attracted the attention of an 0b10 checkpoint 33153 | -5/Upper Caves | Learned Factory stockpile data 33306 | -5/Upper Caves | Enhanced Grunt warped into view, answering call for help 33309 | -5/Upper Caves | Enhanced Grunt warped into view, answering call for help 33463 | -5/Upper Caves | Entered Warlord 33463 | -5/Warlord | Accompanied by 4 allies 33477 | -5/Warlord | Discovered new exit (range 9) 33523 | -5/Warlord | Identified exit to Proximity Caves 33647 | -5/Warlord | Warlord's base attacked by MAIN.C 33666 | -5/Warlord | Met Warlord 33669 | -5/Warlord | Opened Warlord's prototype stash 33675 | -5/Warlord | Found Prototype Device 33675 | -5/Warlord | Identified Exp. Focal Shield 33677 | -5/Warlord | Found Prototype Processor 33677 | -5/Warlord | Identified Exp. Target Analyzer 33685 | -5/Warlord | Found Prototype Reactor 33688 | -5/Warlord | Identified Vortex Chain Reactor 33767 | -5/Warlord | Reached level 25 33787 | -5/Warlord | Destroyed 14 combat bots 33804 | -5/Warlord | Entered Proximity Caves 33804 | -4/Proximity Caves | Accompanied by 7 allies 33807 | -4/Proximity Caves | Learned Research interactive machine intel 33851 | -4/Proximity Caves | Spotter reported a threat 33851 | -4/Proximity Caves | Spotter reported a threat 33911 | -4/Proximity Caves | Destroyed 10 combat bots 33950 | -4/Proximity Caves | Spotted B-86 Titan 33952 | -4/Proximity Caves | Destroyed B-86 Titan 34028 | -4/Proximity Caves | Discovered exit to Factory (range 6) 34039 | -4/Proximity Caves | Learned Armory emergency access door positions 34039 | -4/Proximity Caves | Learned Factory trap positions 34039 | -4/Proximity Caves | Learned 6 Lower Caves zone layouts 34039 | -4/Proximity Caves | Learned 8 Factory zone layouts 34050 | -4/Proximity Caves | Attracted the attention of an 0b10 base 34052 | -4/Proximity Caves | Reached level 26 34084 | -4/Proximity Caves | Destroyed 7 combat bots 34772 | -4/Proximity Caves | Entered Factory 34773 | -4/Factory | Identified exit to Extension 34775 | -4/Factory | Loaded intel: 100 trap records 34778 | -4/Factory | Loaded intel: 4 garrison access locations 34796 | -4/Factory | Identified exit to Upper Caves 34796 | -4/Factory | Identified exit to Armory 34820 | -4/Factory | Discovered new exit (range 12) 34825 | -4/Factory | Identified exit to Research 35306 | -4/Factory | Spotted B-86 Titan 35307 | -4/Factory | Destroyed B-86 Titan 35735 | -4/Factory | Garrison activated, responded to threat 36005 | -4/Factory | Spotted B-86 Titan 36010 | -4/Factory | Destroyed B-86 Titan 36206 | -4/Factory | Reached level 27 36251 | -4/Factory | Upgraded with Utility slot (x1) 36383 | -4/Factory | Fabricated Adv. Corruption Screen? 36509 | -4/Factory | Discovered exit to Research (range 8) 36652 | -4/Factory | Discovered exit to Research (range 5) 36798 | -4/Factory | Core integrity fell below 50% 36887 | -4/Factory | Repaired Diametric Drive? 36965 | -4/Factory | Repaired Diametric Drive 37070 | -4/Factory | Fabricated Exp. EM Disruption Field (x1) 37219 | -4/Factory | Repaired Broken Adv. Transmission Jammer? 37272 | -4/Factory | First assault squad dispatched 37313 | -4/Factory | Discovered exit to Research (range 9) 37334 | -4/Factory | Fabricated Exp. Core Analyzer? 37410 | -4/Factory | Fabricated M-30 Cleanser? 37855 | -4/Factory | Central database locked down 37914 | -4/Factory | Fabricated Exp. Shield Generator (x1) 38261 | -4/Factory | Fabricated Quantum Shading Machine (x1) 38389 | -4/Factory | Fabricated P-80 Master? 38608 | -4/Factory | Entered Extension 38608 | -4/Extension | Accompanied by 3 allies 38657 | -4/Extension | Rescued a captive Derelict 38661 | -4/Extension | Rescued a captive Derelict 38667 | -4/Extension | Rescued a captive Derelict 38668 | -4/Extension | Rescued a captive Derelict 38714 | -4/Extension | Rescued a captive Derelict 38851 | -4/Extension | Rescued a captive Derelict 38875 | -4/Extension | Spotted B-86 Titan 38876 | -4/Extension | Spotted B-86 Titan 38878 | -4/Extension | Destroyed B-86 Titan 38881 | -4/Extension | Destroyed B-86 Titan 39010 | -4/Extension | Rescued A7 39023 | -4/Extension | Rescued a captive Derelict 39045 | -4/Extension | Rescued a captive Derelict 39047 | -4/Extension | Rescued a captive Derelict 39055 | -4/Extension | Discovered exit to Research (range 10) 39055 | -4/Extension | Discovered new exit (range 6) 39056 | -4/Extension | Identified exit to Cetus 39235 | -4/Extension | Entered Cetus 39235 | -4/Cetus | Accompanied by 18 allies (A7) 39237 | -4/Cetus | Reached level 28 39237 | -4/Cetus | Spotted Cetus Guard 39237 | -4/Cetus | Spotted Cetus Guard 39238 | -4/Cetus | Spotted Cetus Guard 39239 | -4/Cetus | Spotted Cetus Guard 39242 | -4/Cetus | Acquired a Cetus Manufacturing Module code from A7 39242 | -4/Cetus | Allies destroyed Cetus Guard 39250 | -4/Cetus | Destroyed Cetus Guard 39250 | -4/Cetus | Master 7a assimilated hostile Cetus Guard 39250 | -4/Cetus | Allies destroyed Cetus Guard 39253 | -4/Cetus | Allies destroyed Cetus Guard 39309 | -4/Cetus | Escorted A7 to Cetus Mainframe 39311 | -4/Cetus | Discovered new exit (range 15) 39314 | -4/Cetus | Spotted Cetus Guard 39321 | -4/Cetus | Spotted Cetus Guard 39321 | -4/Cetus | Spotted Cetus Guard 39321 | -4/Cetus | Spotted Cetus Guard 39322 | -4/Cetus | Discovered exit to Research (range 16) 39338 | -4/Cetus | Allies destroyed Cetus Guard 39339 | -4/Cetus | Destroyed Cetus Guard 39343 | -4/Cetus | Allies destroyed Cetus Guard 39344 | -4/Cetus | Met Revision 17 39375 | -4/Cetus | Identified exit to Archives 39392 | -4/Cetus | Entered Archives 39392 | -4/Archives | Accompanied by 12 allies (A7) 39397 | -4/Archives | Received a hacking code to weaken MAIN.C 39403 | -4/Archives | Discovered exit to Research (range 14) 39408 | -4/Archives | Discovered new exit (range 14) 40270 | -4/Archives | Discovered new exit (range 13) 40271 | -4/Archives | Identified exit to Hub_04(d) 40338 | -4/Archives | Unable to access archive contents 40363 | -4/Archives | Entered Hub_04(d) 40363 | -4/Hub_04(d) | Accompanied by 2 allies 40555 | -4/Hub_04(d) | Discovered exit to Research (range 5) 40653 | -4/Hub_04(d) | Spotted B-86 Titan 40653 | -4/Hub_04(d) | Destroyed B-86 Titan 41323 | -4/Hub_04(d) | Network Hub disabled 41333 | -4/Hub_04(d) | Spotted Lightning 41389 | -4/Hub_04(d) | Spotted Lightning 41411 | -4/Hub_04(d) | Destroyed Lightning 41425 | -4/Hub_04(d) | Destroyed Lightning 41428 | -4/Hub_04(d) | Found Prototype Energy Cannon 41434 | -4/Hub_04(d) | Found Prototype Device 41434 | -4/Hub_04(d) | Identified Exp. Phase Shifter 41483 | -4/Hub_04(d) | Spotted Lightning 41497 | -4/Hub_04(d) | Spotted Lightning 41520 | -4/Hub_04(d) | Spotted Lightning 41571 | -4/Hub_04(d) | Destroyed Lightning 41592 | -4/Hub_04(d) | Destroyed Lightning 41631 | -4/Hub_04(d) | Network Hub disabled 41639 | -4/Hub_04(d) | Destroyed Lightning 41655 | -4/Hub_04(d) | Network Hub disabled 41655 | -4/Hub_04(d) | Network Hub disabled 41820 | -4/Hub_04(d) | Entered Research 41820 | -3/Research | Accompanied by 5 allies 41821 | -3/Research | Core integrity fell below 50% 41822 | -3/Research | Reached level 29 41823 | -3/Research | Loaded intel: 42 interactive machine locations 41824 | -3/Research | Loaded intel: 22 terminal locations 41832 | -3/Research | Identified EMDS 41944 | -3/Research | Spotted B-86 Titan 41948 | -3/Research | Destroyed B-86 Titan 42020 | -3/Research | Revision forces began assault on 0b10 42032 | -3/Research | Met up with Revision 17++ 42432 | -3/Research | Identified exit to Research 42432 | -3/Research | Identified exit to Quarantine 42520 | -3/Research | Research terminal network offline 42530 | -3/Research | Fabricated Exp. Reaction Control System (x1) 42644 | -3/Research | Spotted B-86 Titan 42644 | -3/Research | Destroyed B-86 Titan 42694 | -3/Research | Found Prototype Device 42694 | -3/Research | Identified Exp. ECM Suite 42759 | -3/Research | Entered Quarantine 42759 | -3/Quarantine | Accompanied by 3 allies 42761 | -3/Quarantine | Reached level 30 42761 | -3/Quarantine | Spotted Alpha 7 42792 | -3/Quarantine | Central database locked down 42847 | -3/Quarantine | Discovered exit to Research (range 8) 42852 | -3/Quarantine | Upgraded with Propulsion slot (x1) 43222 | -3/Quarantine | Found Alien Energy Cannon 43222 | -3/Quarantine | Identified Core Cannon 43308 | -3/Quarantine | Found Alien Artifact 43314 | -3/Quarantine | Identified Hpw. Transdimensional Reconstructor 43321 | -3/Quarantine | Found Alien Artifact 43327 | -3/Quarantine | Identified Transdimensional Reconstructor 43334 | -3/Quarantine | Found Alien Artifact 43339 | -3/Quarantine | Identified Dimensional Node Initializer 43354 | -3/Quarantine | Found Prototype Launcher 43361 | -3/Quarantine | Identified Tesla Bomb Launcher 43474 | -3/Quarantine | Found Alien Artifact 43485 | -3/Quarantine | Identified Subatomic Replicator 43640 | -3/Quarantine | Entered Research 43640 | -2/Research | Accompanied by 4 allies 43640 | -2/Research | Warlord forces began assault on 0b10 43643 | -2/Research | Identified exit to Testing 43654 | -2/Research | Found Exp. Hacking Suite 43728 | -2/Research | Central database locked down 43741 | -2/Research | Identified exit to Access 43741 | -2/Research | Reached level 31 43750 | -2/Research | Research machine network offline 43768 | -2/Research | Fabricated Femtoactuators? 43781 | -2/Research | Fabricated Beam Splitter? 43847 | -2/Research | Fabricated Adv. Quantum Shading Machine (x1) 43879 | -2/Research | Spotted B-90 Cyclops 43881 | -2/Research | Destroyed B-90 Cyclops 43954 | -2/Research | Spotted Executioner 43955 | -2/Research | Spotted Striker 43968 | -2/Research | Destroyed Striker 44003 | -2/Research | Met up with Warlord 44066 | -2/Research | Spotted Striker 44070 | -2/Research | Destroyed Striker 44117 | -2/Research | Spotted Executioner 44123 | -2/Research | Destroyed Executioner 44124 | -2/Research | Spotted Executioner 44127 | -2/Research | Destroyed Executioner 44205 | -2/Research | Entered Testing 44205 | -2/Testing | Accompanied by 2 allies 44207 | -2/Testing | Reached level 32 44210 | -2/Testing | Found Prototype Energy Cannon 44210 | -2/Testing | Identified Hpw. Disruptor Cannon 44278 | -2/Testing | Found Prototype Energy Gun 44278 | -2/Testing | Identified Tachyon Dispersion Ray 44379 | -2/Testing | Spotted PY-GJ91SHOQ8E 44427 | -2/Testing | Fabricated C-65 Expert (x1) 44807 | -2/Testing | Found Prototype Hackware 44807 | -2/Testing | Identified Ghost Barrier 44815 | -2/Testing | Rewired PY-GJ91SHOQ8E 45197 | -2/Testing | Found Prototype Device 45203 | -2/Testing | Identified Adv. EM Disruption Field 45529 | -2/Testing | Spotted Fortress 45586 | -2/Testing | Discovered new exit (range 6) 45588 | -2/Testing | Identified exit to Section 7 45616 | -2/Testing | Entered Section 7 45616 | -2/Section 7 | Accompanied by 4 allies 45665 | -2/Section 7 | Found Alien Artifact 45669 | -2/Section 7 | Identified Spacefold Activator 45835 | -2/Section 7 | Spotted S7 Guard 45854 | -2/Section 7 | Spotted S7 Guard 45867 | -2/Section 7 | Reached level 33 45867 | -2/Section 7 | Destroyed S7 Guard 45867 | -2/Section 7 | Upgraded with Utility slot (x1) 45884 | -2/Section 7 | Destroyed S7 Guard 45899 | -2/Section 7 | Found Alien Artifact 45924 | -2/Section 7 | Identified Core Membrane 45925 | -2/Section 7 | Installed Core Membrane, gained immunity to corruption 46009 | -2/Section 7 | Spotted S7 Guard 46071 | -2/Section 7 | Spotted B-90 Cyclops 46077 | -2/Section 7 | Destroyed B-90 Cyclops 46116 | -2/Section 7 | Found Alien Artifact 46124 | -2/Section 7 | Identified Core Reset Matrix 46157 | -2/Section 7 | Found Alien Artifact 46165 | -2/Section 7 | Identified Core Physics Calibrator 46201 | -2/Section 7 | Destroyed S7 Guard 46206 | -2/Section 7 | Found Alien Artifact 46215 | -2/Section 7 | Identified Core Regenerator 46239 | -2/Section 7 | Found Alien Artifact 46251 | -2/Section 7 | Identified Integrated Reactor 46251 | -2/Section 7 | Installed Integrated Reactor, increased core energy generation (+10) 46568 | -2/Section 7 | Spotted B-99 Colossus 46575 | -2/Section 7 | Found Alien Artifact 46575 | -2/Section 7 | Identified Integrated Dissipator 46575 | -2/Section 7 | Installed Integrated Dissipator, increased core heat dissipation (+20) 46577 | -2/Section 7 | Found Integrated Dissipator 46577 | -2/Section 7 | Installed Integrated Dissipator, increased core heat dissipation (+20) 46578 | -2/Section 7 | Found Integrated Dissipator 46578 | -2/Section 7 | Installed Integrated Dissipator, increased core heat dissipation (+20) 46586 | -2/Section 7 | Found Alien Artifact 46596 | -2/Section 7 | Destroyed B-99 Colossus 46598 | -2/Section 7 | Found Prototype Ballistic Gun 46598 | -2/Section 7 | Identified Multirail 46616 | -2/Section 7 | First assault squad dispatched 46637 | -2/Section 7 | Identified LRC Insulator 46637 | -2/Section 7 | Installed LRC Insulator, gained EM resistance (25) 46763 | -2/Section 7 | Spotted Executioner 46768 | -2/Section 7 | Spotted Striker 46768 | -2/Section 7 | Spotted Striker 46782 | -2/Section 7 | Spotted Executioner 46794 | -2/Section 7 | Destroyed Executioner 46795 | -2/Section 7 | Destroyed Executioner 46807 | -2/Section 7 | Spotted Striker 46807 | -2/Section 7 | Spotted Striker 46991 | -2/Section 7 | Central database locked down 47009 | -2/Section 7 | Entered Access 47009 | -1/Access | Accompanied by 2 allies 47011 | -1/Access | Reached level 34 47177 | -1/Access | Spotted B-99 Colossus 47249 | -1/Access | Spotted B-99 Colossus 47249 | -1/Access | Destroyed B-99 Colossus 47461 | -1/Access | Identified exit to Command 47723 | -1/Access | Maximum security lockdown engaged 47735 | -1/Access | Found Antimissile System 47793 | -1/Access | Spotted B-99 Colossus 47794 | -1/Access | Spotted B-99 Colossus 47795 | -1/Access | Destroyed B-99 Colossus 47796 | -1/Access | Reached level 35 47796 | -1/Access | Destroyed B-99 Colossus 47817 | -1/Access | Destroyed 8 combat bots 47824 | -1/Access | Found Antimissile System 47851 | -1/Access | Entered Command 47870 | -1/Command | Disengaged cave seal 47872 | -1/Command | Welcomed Warlord to Command 47893 | -1/Command | Identified exit to Surface 47904 | -1/Command | Spotted B-99 Colossus 47907 | -1/Command | Destroyed B-99 Colossus 47909 | -1/Command | Spotted B-99 Colossus 47911 | -1/Command | Destroyed B-99 Colossus 47937 | -1/Command | Spotted M Guard 47937 | -1/Command | Spotted M Guard 47937 | -1/Command | Spotted Combat Programmer 47937 | -1/Command | Spotted Combat Programmer 47939 | -1/Command | Disengaged cave seal 47954 | -1/Command | Incoming investigation squad redirected 47955 | -1/Command | Destroyed Combat Programmer 47959 | -1/Command | Core integrity fell below 50% 47972 | -1/Command | Destroyed M Guard 47976 | -1/Command | Core integrity fell below 20% 47998 | -1/Command | All MAIN.C guards destroyed 48045 | -1/Command | Warlord commented on Warlord statues 48061 | -1/Command | Used Subatomic Replicator to replicate Core Regenerator 48098 | -1/Command | Met MAIN.C 48098 | -1/Command | Reached level 36 48098 | -1/Command | Hacked MAIN.C using A7's code 48099 | -1/Command | 0b10 Conduit disabled 48116 | -1/Command | Destroyed MAIN.C Shell 48118 | -1/Command | MAIN.C activated Command garrisons 48128 | -1/Command | Used Core Regenerator, restored core integrity (+400) 48132 | -1/Command | Reached level 37 48132 | -1/Command | Destroyed MAIN.C 48134 | *** | Establishing Free Derelict Territories! Last Messages --------------- 48126_ Blast Slug penetrates MAIN.C. 48126_ MAIN.C knocked back. 48126_ Blast Slug penetrates MAIN.C. 48126_ MAIN.C knocked back. 48126_ Blast Slug penetrates 0b10 Conduit. 48127_ HV Slug penetrates 0b10 Conduit. 48127_ MAIN.C suffers critical hit (Destroy). 48128_ Core integrity regenerated (+400). 48130_ Knocked back. 48130_ MAIN.C suffers critical hit (Destroy). 48130_ HV Slug penetrates MAIN.C. 48132_ MAIN.C suffers critical hit (Impale). 48132_ MAIN.C: "I hope you know you're still going to DIE HERE WITH ME!" 48132_ Reached level 37. Heavy Barrier opened. 48132_ MAIN.C destroyed. ZY-L1N: Victory! Sure there's still lots to do, but without MAIN.C at the helm 0b10 doesn't stand a chance. We've got this... Map ----- +----------------------------------------------------+ | ?????????????????????????????????????????????????? | | ?????????????????????????????????????????????????? | | ?????????????????????????????????????????????????? | | ?????????????????????????????????????????????????? | | ?????????????????????????????????????????????????? | | ?????????????????????????????????????????????????? | | ?????????????????????????????????????????????????? | | ?????????????????????????????????????????????????? | | ?????????????????????????????????????????????????? | | ?????????????????????????????????????????????????? | | ?????????????????????????????????????????????????? | | ?????????????????????????????????????????????????? | | ?????????????????????????????????????????????????? | | ?????????????????????????#############???????????? | | ??????????????????????? """" #???????????? | | ??????????????????????? "" #???????????? | | ?????????????????????? "" ############# | | ???????????????#"""?"""""" + | | ???????????????#" " "" h + | | ???????????????#"" """""" + | | ???????????????#"" """""" l h ############# | | ???????????????# " """""" W #???????????? | | ???????????????# " " g #???????????? | | ???????????????# " l s "#???????????? | | ???????????????#"""""""" %lll """"""#???????????? | | ???????????????#"" @! %""""""""#???????????? | | ???????????????# %$% """""""""#???????????? | | ???????????????# " " " #???????????? | | ???????????????# %" " " " #???????????? | | ????????????? " " " """" " #???????????? | | ???????????? """ " " """" #???????????? | | ???????????? " " " "???????????????? | | ????????????#### """""""""" "???????????????? | | ???????????????# " """ " """""???????????????? | | ???????????????# ??" " " ????????????????? | | ???????????????##??#???######??#?????????????????? | | ?????????????????????????????????????????????????? | | ?????????????????????????????????????????????????? | | ?????????????????????????????????????????????????? | | ?????????????????????????????????????????????????? | | ?????????????????????????????????????????????????? | | ?????????????????????????????????????????????????? | | ?????????????????????????????????????????????????? | | ?????????????????????????????????????????????????? | | ?????????????????????????????????????????????????? | | ?????????????????????????????????????????????????? | | ?????????????????????????????????????????????????? | | ?????????????????????????????????????????????????? | | ?????????????????????????????????????????????????? | | ?????????????????????????????????????????????????? | +----------------------------------------------------+ Best States ------------- Heat Dissipation 145 Energy Generation 65 Energy Capacity 1100 Matter Stores 500 Matter Capacity 500 Sight Range 16 Robot Scan Range 20 Terrain Scan Range 16 Terrain Scan Density 210 Jamming Range 16 Additional Mass Support 25 Corruption Block 20 Resistance: KI 30 Resistance: TH 75 Resistance: EM 100 Point Defense Rating 480 Melee Speed Boost 50 Phase Shifting 20 Evasion (%) 101 Targeting Accuracy 20 Recoil Reduction 3 Offensive Hacking 106 Defensive Hacking 50 Trap Extractor Capacity 8 Item Schematics ----------------- Weapon Mount | -7/Factory | Hacked Cld. Airjet | -7/Factory | Hacked Adv. Signal Interpreter | -7/Factory | Hacked Gyrokinetic Inverter | -7/Factory | Hacked Stasis Canceller | -7/Factory | Hacked Core Analyzer | -7/Factory | Hacked Corruption Screen | -7/Factory | Hacked System Restoration Module | -7/Factory | Hacked Adv. Hacking Suite | -7/Factory | Scanalyzed Lgt. Fission Core | -7/Factory | Hacked Microactuators | -7/Factory | Hacked Adv. System Shield | -7/Factory | Hacked Cld. Cesium-ion Thruster | -7/Factory | Hacked Combat Drone Bay | -7/Data Miner | Free Lgt. Regenerative Plating | -7/Data Miner | Free Cld. Aerolev Unit | -7/Data Miner | Free Exp. Targeting Computer | -7/Data Miner | Free Antimatter Cannon | -7/Data Miner | Free Arm. Medium Treads | -7/Data Miner | Free Recoil Nullifier | -7/Data Miner | Free Hvy. Phase Cannon | -7/Data Miner | Free Gravmag Array | -7/Data Miner | Free Mass Driver | -7/Data Miner | Free Imp. Particle Charger | -6/Factory | Hacked Graphene Brace | -6/Factory | Hacked Shock Maul | -6/Factory | Hacked Micro-nuke Launcher | -6/Factory | Hacked Mic. Fission Core | -6/Factory | Hacked Adv. Energy Well | -6/Factory | Scanalyzed Adv. Force Field | -5/Factory | Hacked Adv. Focal Shield | -5/Factory | Hacked Exp. Flexi-carbon Leg | -5/Factory | Hacked Nanoactuators | -5/Factory | Hacked Gui. Micro-nuke Launcher | -5/Factory | Scanalyzed Nanosword | -5/Factory | Scanalyzed Adv. Gravity Neutralizer | -5/Factory | Scanalyzed Plasma Lance | -5/Factory | Hacked Exp. System Shield | -5/Factory | Hacked Exp. Hacking Suite | -5/Factory | Hacked Antimissile System | -5/Factory | Hacked Antimatter Reactor | -5/Factory | Hacked Hvy. Gauss Cannon | -5/Factory | Hacked Cld. Impulse Thruster | -5/Factory | Scanalyzed Lrn. Proton Cannon | -5/Factory | Hacked Impulse Thruster Array | -5/Factory | Hacked Adv. Force Booster | -4/Factory | Hacked Exp. Core Analyzer | -4/Factory | Hacked Exp. EM Disruption Field | -4/Factory | Hacked Adv. Corruption Screen | -4/Factory | Hacked Adv. Transmission Jammer | -4/Factory | Scanalyzed Adv. Phase Shifter | -4/Factory | Hacked Quantum Shading Machine | -4/Factory | Hacked Exp. Shield Generator | -4/Factory | Hacked Enh. Nova Cannon | -4/Factory | Hacked Lrn. Terrain Scanner | -4/Factory | Scanalyzed Adv. Reaction Control System | -4/Extension | Hacked Adv. Datajack | -4/Hub_04(d) | Hacked Prc. Energy Filter | -4/Hub_04(d) | Hacked Prc. Matter Filter | -4/Hub_04(d) | Hacked Quantum Capacitor | -4/Hub_04(d) | Hacked Exp. Cooling System | -4/Hub_04(d) | Hacked Exp. Signal Interpreter | -4/Hub_04(d) | Hacked Adv. Weapon Cycler | -4/Hub_04(d) | Hacked Com. Tesla Bomb Launcher | -4/Hub_04(d) | Hacked Adv. Component Analysis Suite | -4/Hub_04(d) | Hacked Exp. Reaction Control System | -3/Research | Hacked Adv. Heavy Siege Treads | -3/Research | Hacked Beam Splitter | -3/Quarantine | Hacked Exp. Shock Absorption System | -3/Quarantine | Hacked Femtoactuators | -3/Quarantine | Hacked Exp. Actuator Array | -3/Quarantine | Hacked Com. HERF Cannon | -3/Quarantine | Hacked Adv. Dynamic Insulation System | -3/Quarantine | Scanalyzed Adv. Cryofiber Web | -3/Quarantine | Scanalyzed Tesla Bomb Launcher | -3/Quarantine | Scanalyzed Exp. Coolant Injector | -3/Quarantine | Hacked Lgt. Quantum Reactor | -3/Quarantine | Hacked Imp. Remote Force Field | -3/Quarantine | Hacked Enh. Quantum Rifle | -3/Quarantine | Hacked Quantum Reactor | -2/Research | Hacked Adv. Quantum Shading Machine | -2/Research | Hacked Cld. Q-thruster | -2/Research | Hacked Adv. Particle Accelerator | -2/Research | Hacked Exp. Transmission Jammer | -2/Research | Hacked Exp. Q-thruster | -2/Testing | Hacked Centrium Light Armor Plating | -2/Testing | Archive Electron Diverter | -2/Testing | Archive Enh. Gamma Bomb Array | -2/Testing | Hacked Exp. Matter Compressor | -2/Testing | Archive Imp. Q-thruster | -2/Testing | Archive Gravity Flail | -2/Testing | Archive Cld. Linear Gravjet | -2/Testing | Archive Cld. Antigrav System | -2/Testing | Scanalyzed Imp. Thermal Defense Suite | -2/Testing | Archive Adv. Myomer Leg | -2/Section 7 | Archive Enh. Armored Heavy Treads | -2/Section 7 | Archive Imp. Energy Well | -2/Section 7 | Archive Com. Mass Driver | -2/Section 7 | Archive Proton Burst Cannon | -2/Section 7 | Archive Lgt. Antimatter Cannon | -2/Section 7 | Archive Robot Schematics ------------------ G-47 Trooper | -7/Factory | Hacked H-55 Commando | -7/Factory | Hacked C-17 Slicer | -7/Factory | Hacked H-66 Slayer | -7/Data Miner | Free E-15 Imp | -7/Data Miner | Free O-24 Administrator | -7/Data Miner | Free B-48 Gladiator | -7/Data Miner | Free S-27 Virus | -7/Data Miner | Free D-63 Destroyer | -5/Factory | Hacked A-15 Conveyor | -5/Factory | Hacked H-77 Assassin | -4/Factory | Hacked P-80 Master | -4/Factory | Hacked Y-72 Warden | -4/Factory | Hacked G-73 Enforcer | -4/Factory | Hacked B-60 Warrior | -4/Extension | Hacked O-32 Director | -4/Hub_04(d) | Hacked A-27 Freighter | -3/Quarantine | Hacked Fabricated ------------ Weapon Mount | x2 | -7/Factory Gyrokinetic Inverter | x2 | -7/Factory System Restoration Module | x2 | -7/Factory Adv. Hacking Suite | x1 | -7/Factory Adv. Hacking Suite | x1 | -7/Factory Adv. System Shield | x1 | -7/Factory Adv. System Shield | x1 | -7/Factory Cld. Cesium-ion Thruster | x1 | -7/Factory Shock Maul | x1 | -6/Factory Adv. Hacking Suite | x1 | -6/Factory Cld. Cesium-ion Thruster | x1 | -6/Factory Cld. Cesium-ion Thruster | x1 | -6/Factory Nanoactuators | x2 | -5/Factory O-24 Administrator | x1 | -5/Factory Plasma Lance | x1 | -5/Factory Exp. Hacking Suite | x1 | -5/Factory Exp. Hacking Suite | x1 | -5/Factory A-15 Conveyor | x1 | -5/Factory Adv. Corruption Screen | x2 | -4/Factory Exp. EM Disruption Field | x1 | -4/Factory Exp. Core Analyzer | x1 | -4/Factory M-30 Cleanser | x1 | -4/Factory | Preloaded Exp. Shield Generator | x1 | -4/Factory Quantum Shading Machine | x1 | -4/Factory P-80 Master | x2 | -4/Factory Exp. Reaction Control System | x1 | -3/Research Femtoactuators | x1 | -2/Research Beam Splitter | x1 | -2/Research Adv. Quantum Shading Machine | x1 | -2/Research C-65 Expert | x1 | -2/Testing | Preloaded Alien Tech Used ----------------- Core Cannon Core Membrane Core Physics Calibrator Integrated Reactor Integrated Dissipator LRC Insulator Subatomic Replicator Core Regenerator Achievements -------------- Poison In The Code Revolutionary Research Shutout Challenges ------------ None RPGLIKE | -11 -10 -10 -9 -9 -9 -8 -8 -7 -7 -7 -7 -7 -7 -6 -6 -6 -6 -6 -5 -5 -5 -5 -5 -4 -4 -4 -4 -4 -4 -3 -3 -2 -2 -2 -1 -1 --------- Run | Jun Mat Min Mat Min Exi Min Mat Fac Was Fac Low Low Dat Pro Fac Low Low Zio Pro Fac Upp Upp War Pro Fac Ext Cet Arc Hub Res Qua Res Tes Sec Acc Com Levels Raised 36 | . 3 1 5 1 . . 2 1 . 2 . . 1 1 2 . . . 1 2 1 . 1 1 1 . 1 . . 1 1 1 1 1 2 2 XP Earned 57370 | 3000 5628 1246 7539 751 46 1283 1937 2155 179 2432 319 385 204 1758 2731 415 198 118 1419 3636 491 418 761 1517 1928 924 427 177 617 1701 461 2588 858 1318 2528 3277 XP Spent 53815 | 2990 2630 1400 3750 . . 1600 7225 2600 . 1400 . . 2900 . 4200 . . . . 4750 . 1700 950 . 3800 . . 1500 . 500 2000 150 . 4100 1750 1920 Upgrades 79 | 12 11 1 4 . . 2 16 1 . 1 . . 1 . 2 . . . . 2 . 1 5 . 1 . . 1 . 2 1 1 . 1 1 12 Power Slot 1 | . . . . . . 1 . . . . . . . . . . . . . . . . . . . . . . . . . . . . . . Propulsion Slot 6 | 1 . . 1 . . 1 . . . 1 . . . . . . . . . . . 1 . . . . . . . . 1 . . . . . Utility Slot 13 | 2 1 1 1 . . . 2 1 . . . . 1 . 1 . . . . 1 . . . . 1 . . . . . . . . 1 . . Weapon Slot 2 | 1 1 . . . . . . . . . . . . . . . . . . . . . . . . . . . . . . . . . . . Core Integrity 20 | . 8 . . . . . . . . . . . . . . . . . . . . . . . . . . . . . . . . . . 12 Heat Dissipation 10 | 5 . . . . . . . . . . . . . . . . . . . . . . 5 . . . . . . . . . . . . . Mass Support 1 | 1 . . . . . . . . . . . . . . . . . . . . . . . . . . . . . . . . . . . . Inventory Capacity 7 | . 1 . 2 . . . . . . . . . . . 1 . . . . 1 . . . . . . . 1 . . . . . . 1 . Sensor Range 10 | . . . . . . . 10 . . . . . . . . . . . . . . . . . . . . . . . . . . . . . Terrain Scan Density 2 | 2 . . . . . . . . . . . . . . . . . . . . . . . . . . . . . . . . . . . . Melee Accuracy 2 | . . . . . . . . . . . . . . . . . . . . . . . . . . . . . . 2 . . . . . . Hack Attack % 2 | . . . . . . . 2 . . . . . . . . . . . . . . . . . . . . . . . . . . . . . Hack Defense % 2 | . . . . . . . 2 . . . . . . . . . . . . . . . . . . . . . . . . . . . . . TH Resistance % 1 | . . . . . . . . . . . . . . . . . . . . . . . . . . . . . . . . 1 . . . . Protomatter Created 9068 | . 142 34 589 124 . 126 132 253 91 194 36 108 . 68 399 120 146 . 183 1018 214 274 266 40 875 443 75 56 314 508 49 239 318 909 525 200 Integrity Restored 16632 | . 384 87 1557 346 . 378 303 754 183 576 108 216 . 199 794 339 57 14 237 1456 239 342 237 274 1904 999 487 327 480 1237 93 537 138 302 592 456 Core 13855 | . 308 87 1320 279 . 378 303 658 142 515 108 133 . 175 681 251 45 . 185 1188 185 266 189 214 1659 788 450 303 319 953 76 426 105 234 476 456 Parts 2777 | . 76 . 237 67 . . . 96 41 61 . 83 . 24 113 88 12 14 52 268 54 76 48 60 245 211 37 24 161 284 17 111 33 68 116 . Protomatter Decayed 8591 | . 12 . 53 192 . . . . . . . 15 . . 209 4 29 43 102 873 130 273 173 16 468 408 21 . 149 1853 17 1434 440 801 293 583 Game ------ Seed TacticalBattleClaymores Manual? 0 Play Time 17:31:29 Cumulative 252.9 hours Start 2023.03.07 @ 12:55:43 End 2023.03.09 @ 17:49:21 Sessions 5 Manual Loads 0 Difficulty Rogue Special Mode Winter2019/RPGLIKE Game No. 52 Rogue 27 Adventurer 25 Explorer 0 Win Type 7 Total 18 Types 10/2/1/1/1/0/0/2/1 Lore% 87 Gallery% 78 Achievement% 78 Wizard Run 0 Options --------- ASCII 0 Keyboard 0 Movement Numpad Keybinds 0 Fullscreen 2 Font 24/Smallcaps Map View 76x56 Tactical HUD 1 Map Filters NONE Filters NONE Steam 1 RUN: 7ddf6e33-282b-4988-b9ea-1dd71896296b